 Dungeon Crawl Stone Soup version 0.24-a0-373-g39439d866b (webtiles) character file.

Game seed: 12013079363117171761

1104024 mopl the Bringer of Law (level 27, -6/274 (281) HPs)
             Began as a Minotaur Hunter on May 28, 2019.
             Was the Champion of Zin.
             Killed by divine providence
             ... invoked by a greater mummy
              (12 damage)
             ... on level 3 of the Tomb of the Ancients on May 30, 2019.
             The game lasted 05:19:48 (95600 turns).

mopl the Bringer of Law (Minotaur Hunter)          Turns: 95600, Time: 05:19:50

HP:   -6/274 (281)  AC: 49    Str: 38    XL:     27
MP:   44/48         EV: 32    Int: 17    God:    Zin [******]
Gold: 2020          SH:  0    Dex: 32    Spells: 14/26 levels left

rFire    + + .     SeeInvis .   a - +9 triple crossbow (holy)
rCold    + + .     Gourm    .   (shield currently unavailable)
rNeg     + + .     Faith    .   x - +12 gold dragon scales
rPois    ∞         Spirit   .   B - +2 hat {MR+}
rElec    +         Reflect  .   M - +2 cloak "Onneistikk" {+Blink Regen+}
rCorr    .         Harm     .   k - +1 pair of gloves of Bitterness {rN+ Str+3}
MR       +++..                  X - +0 pair of boots of the Ten Tables {*Drain MP+9 Dex+6}
Stlth    ..........             z - amulet of Vitality {Regen+ HP+15}
HPRegen  1.35/turn              j - ring "Goun" {rF+ rC+ rN+}
MPRegen  0.31/turn              (no ring)

@: vitalised, very slightly contaminated, hasted and slowed
A: retaliatory headbutt, horns 2, thin skeletal structure 1, electricity
resistance
}: 10/15 runes: barnacled, slimy, silver, abyssal, demonic, glowing, magical,
fiery, dark, gossamer
a: Recite, Vitalisation, Imprison, Sanctuary, Donate Gold, Renounce Religion,
Evoke Blink


You were on level 3 of the Tomb of the Ancients.
You worshipped Zin.
Zin was exalted by your worship.
You were full.

You visited 14 branches of the dungeon, and saw 62 of its levels.
You visited Pandemonium 1 time, and saw 11 of its levels.
You visited the Abyss 1 time.
You also visited: Ossuary, Bailey and Wizlab.

You collected 11339 gold pieces.
You spent 9244 gold pieces at shops.
You donated 75 gold pieces to Zin.

Inventory:

Hand Weapons
 a - a +9 triple crossbow of holy wrath (weapon)
 b - the +8 autumn katana {slice, Clar}
   (You took it off a vault sentinel on level 5 of the Vaults)

   It inflicts extra damage upon your enemies.
   It protects you against confusion.
 F - a +5 triple crossbow of velocity
 P - the +5 triple crossbow "Nekot" {freeze, rF+ MR+}
   (Okawaru gifted it to you on level 4 of the Shoals)

   It causes projectiles fired from it to freeze those they strike, causing
   extra injury to most foes and up to half again as much damage against
   particularly susceptible opponents.
   They can also slow down cold-blooded creatures.
   It protects you from fire.
   It affects your resistance to hostile enchantments.
 R - a +3 great sword of holy wrath
Missiles
 d - 1529 bolts (quivered)
 o - 32 throwing nets
Armour
 k - the +1 pair of gloves of Bitterness (worn) {rN+ Str+3}
   (Okawaru gifted it to you on level 5 of the Realm of Zot)

   It affects your strength (+3).
   It protects you from negative energy.
 x - +12 gold dragon scales (worn)
 B - a +2 hat of magic resistance (worn)
 M - the +2 cloak "Onneistikk" (worn) {+Blink Regen+}
   (Okawaru gifted it to you on level 4 of the Vaults)

   It lets you blink.
   It increases your rate of regeneration.
 X - the +0 pair of boots of the Ten Tables (worn) {*Drain MP+9 Dex+6}
   (Okawaru gifted it to you on level 5 of the Depths)

   It affects your dexterity (+6).
   It affects your magic capacity (+9).
   It causes draining when unequipped.
Jewellery
 j - the ring "Goun" (left hand) {rF+ rC+ rN+}
   (You found it in Pandemonium)

   [ring of positive energy]

   It protects you from fire.
   It protects you from cold.
   It protects you from negative energy.
 y - the ring of Zuaw {-Tele rPois Str-4 Slay+4 Stlth+}
   (You found it on level 6 of the Dungeon)

   [ring of poison resistance]

   It affects your strength (-4).
   It affects your accuracy and damage with ranged weapons and melee attacks
   (+4).
   It protects you from poison.
   It prevents most forms of teleportation.
   It makes you more stealthy.
 z - the amulet of Vitality (around neck) {Regen+ HP+15}
   (You took it off a vault sentinel on level 5 of the Vaults)

   [amulet of regeneration]

   It affects your health (+15).
   It increases your rate of regeneration.
 I - the ring of Suspected Treachery {rElec rF++ Int-4 Dex+3 SInv}
   (You found it on level 5 of the Depths)

   [ring of see invisible]

   It affects your intelligence (-4).
   It affects your dexterity (+3).
   It greatly protects you from fire.
   It insulates you from electricity.
   It lets you see invisible.
 U - an uncursed ring of resist corrosion
 V - an uncursed amulet of faith {!P}
Wands
 r - a wand of acid (75)
 v - a wand of digging (4)
 w - a wand of iceblast (56)
 A - a wand of scattershot (19)
 O - a wand of paralysis (94)
Scrolls
 e - a scroll of blinking
 i - 26 scrolls of teleportation
 l - 8 scrolls of summoning
 m - 35 scrolls of remove curse
 p - 10 scrolls of fear
 s - 18 scrolls of magic mapping
 N - 7 scrolls of identify
 Q - 4 scrolls of silence {!r}
 S - 3 scrolls of vulnerability
 W - 17 scrolls of fog
Potions
 g - 6 potions of resistance
 h - 8 potions of agility
 n - 5 potions of ambrosia
 q - 11 potions of might
 u - 20 potions of flight
 C - 6 potions of haste
 G - 3 potions of cancellation
 H - 22 potions of curing
 K - 6 potions of berserk rage {!q}
 L - 6 potions of heal wounds
Miscellaneous
 t - a fan of gales
 D - 8 phantom mirrors
 E - a lightning rod (4/4)
 J - a phial of floods
 Y - 4 sacks of spiders
 Z - a lamp of fire
Comestibles
 f - 75 rations


   Skills:
 - Level 25.0 Fighting
 + Level 15.5 Long Blades
 - Level 26.0 Crossbows
 - Level 25.0 Armour
 - Level 25.0 Dodging
 - Level 0.7 Stealth
 - Level 10.0 Hexes
 + Level 5.9 Summonings
 - Level 13.0 Translocations
 * Level 26.4 Invocations
 + Level 18.5 Evocations


You had 14 spell levels left.
You knew the following spells:

 Your Spells              Type           Power        Failure   Level  Hunger
a - Apportation           Tloc           #####.       1%          1    ##.....
b - Summon Butterflies    Summ           ###.....     10%         1    ##.....
c - Corpse Rot            Necr           N/A          83%         2    ###....
e - Blink                 Tloc           N/A          1%          2    ###....
f - Portal Projectile     Hex/Tloc       #####.       2%          3    ####...
r - Regeneration          Chrm/Necr      #.........   97%         3    ####...

Your spell library contained the following spells:

 Spells                   Type           Power        Failure   Level  Hunger
 Confusing Touch          Hex            ####..       1%          1    ##.....
 Corona                   Hex            ####...      1%          1    ##.....
 Gell's Gravitas          Tloc           #####.....   1%          3    ####...
 Lesser Beckoning         Tloc           #####.....   1%          3    ####...
 Teleport Other           Tloc           #####...     1%          3    ####...
 Slow                     Hex            ####....     2%          2    ###....
 Confuse                  Hex            ####....     4%          3    ####...
 Tukima's Dance           Hex            ####....     4%          3    ####...
 Passage of Golubria      Tloc           N/A          4%          4    #####..
 Recall                   Summ/Tloc      N/A          6%          3    ####...
 Summon Small Mammal      Summ           ###.         10%         1    ##.....
 Shroud of Golubria       Chrm/Tloc      ###.......   11%         2    ###....
 Summon Guardian Golem    Hex/Summ       ####....     12%         3    ####...
 Call Imp                 Summ           ###.....     14%         2    ###....
 Cause Fear               Hex            ####......   17%         4    #####..
 Ensorcelled Hibernation  Hex/Ice        ###...       21%         2    ###....
 Call Canine Familiar     Summ           ###.....     28%         3    ####...
 Dazzling Spray           Conj/Hex       ###...       36%         3    ####...
 Inner Flame              Hex/Fire       ###.....     36%         3    ####...
 Summon Forest            Summ/Tloc      ####......   52%         5    ######.
 Force Lance              Conj/Tloc      ###.....     56%         4    #####..
 Animate Skeleton         Necr           N/A          71%         1    ##.....
 Beastly Appendage        Tmut           #.....       71%         1    ##.....
 Flame Tongue             Conj/Fire      #....        71%         1    ##.....
 Freeze                   Ice            #...         71%         1    ##.....
 Magic Dart               Conj           #...         71%         1    ##.....
 Pain                     Necr           #...         71%         1    ##.....
 Sandblast                Erth           #.....       71%         1    ##.....
 Shock                    Conj/Air       #...         71%         1    ##.....
 Sting                    Conj/Pois      #...         71%         1    ##.....
 Summon Mana Viper        Hex/Summ       ####....     73%         5    ######.
 Fulminant Prism          Conj/Hex       ###.......   78%         4    #####..
 Leda's Liquefaction      Hex/Erth       ###.......   78%         4    #####..
 Passwall                 Tmut/Erth      #.......     83%         2    ###....
 Poisonous Vapours        Pois/Air       #.....       83%         2    ###....
 Searing Ray              Conj           #.....       83%         2    ###....
 Sticks to Snakes         Tmut           #.......     83%         2    ###....
 Sublimation of Blood     Necr           #.........   83%         2    ###....
 Swiftness                Chrm/Air       #.......     83%         2    ###....
 Throw Flame              Conj/Fire      #.....       83%         2    ###....
 Throw Frost              Conj/Ice       #.....       83%         2    ###....
 Aura of Abjuration       Summ           ###.......   95%         5    ######.
 Summon Demon             Summ           ###.......   95%         5    ######.
 Darkness                 Hex            ####......   95%         6    #######
 Conjure Flame            Conj/Fire      #.......     97%         3    ####...
 Ignite Poison            Fire/Tmut/Pois #.......     97%         3    ####...
 Mephitic Cloud           Conj/Pois/Air  #.......     97%         3    ####...
 Spider Form              Tmut/Pois      #.........   97%         3    ####...
 Static Discharge         Conj/Air       #.......     97%         3    ####...
 Stone Arrow              Conj/Erth      #.....       97%         3    ####...
 Vampiric Draining        Necr           #.........   97%         3    ####...
 Summon Ice Beast         Ice/Summ       ##......     97%         4    #####..
 Summon Lightning Spire   Summ/Air       ##......     97%         4    #####..
 Metabolic Englaciation   Hex/Ice        ###.......   98%         5    ######.
 Silence                  Hex/Air        ###.......   98%         5    ######.
 Yara's Violent Unravell  Hex/Tmut       ###.......   98%         5    ######.
 Airstrike                Air            #.........   100%        4    #####..
 Animate Dead             Necr           N/A          100%        4    #####..
 Ice Form                 Ice/Tmut       #.......     100%        4    #####..
 Iskenderun's Mystic Bla  Conj           #.......     100%        4    #####..
 Petrify                  Tmut/Erth      #.......     100%        4    #####..
 Sticky Flame             Conj/Fire      #.......     100%        4    #####..
 Agony                    Necr           #.......     100%        5    ######.
 Alistair's Intoxication  Tmut/Pois      #.......     100%        5    ######.
 Blade Hands              Tmut           #.........   100%        5    ######.
 Bolt of Draining         Conj/Necr      #.........   100%        5    ######.
 Bolt of Magma            Conj/Fire/Erth #.........   100%        5    ######.
 Borgnjor's Vile Clutch   Necr/Erth      #.........   100%        5    ######.
 Dispel Undead            Necr           #.......     100%        5    ######.
 Excruciating Wounds      Chrm/Necr      #.........   100%        5    ######.
 Fireball                 Conj/Fire      #.........   100%        5    ######.
 Irradiate                Conj/Tmut      #.........   100%        5    ######.
 Iskenderun's Battlesphe  Conj/Chrm      #.......     100%        5    ######.
 Lee's Rapid Deconstruct  Erth           #.........   100%        5    ######.
 Lightning Bolt           Conj/Air       #.........   100%        5    ######.
 Venom Bolt               Conj/Pois      #.........   100%        5    ######.
 Bolt of Cold             Conj/Ice       #.........   100%        6    #######
 Bolt of Fire             Conj/Fire      #.........   100%        6    #######
 Conjure Ball Lightning   Conj/Air       #.........   100%        6    #######
 Death Channel            Necr           #.........   100%        6    #######
 Deflect Missiles         Chrm/Air       #.........   100%        6    #######
 Freezing Cloud           Conj/Ice/Air   #.........   100%        6    #######
 Hydra Form               Tmut           #.........   100%        6    #######
 Iron Shot                Conj/Erth      #.........   100%        6    #######
 Ozocubu's Refrigeration  Ice            #.........   100%        6    #######
 Poison Arrow             Conj/Pois      #.........   100%        6    #######
 Shadow Creatures         Summ           N/A          100%        6    #######
 Simulacrum               Ice/Necr       #.........   100%        6    #######
 Statue Form              Tmut/Erth      #........    100%        6    #######
 Dragon Form              Tmut           #.........   100%        7    #######
 Haunt                    Necr/Summ      ##........   100%        7    #######
 Malign Gateway           Summ/Tloc      ####......   100%        7    #######
 Monstrous Menagerie      Summ           ###.......   100%        7    #######
 Orb of Destruction       Conj           #.........   100%        7    #######
 Ring of Flames           Chrm/Fire      #.........   100%        7    #######
 Spellforged Servitor     Conj/Summ      ##........   100%        7    #######
 Summon Greater Demon     Summ           ###.......   100%        7    #######
 Summon Hydra             Summ           ###.......   100%        7    #######
 Borgnjor's Revivificati  Necr           #.........   100%        8    #######
 Chain Lightning          Conj/Air       #.........   100%        8    #######
 Death's Door             Chrm/Necr      #.........   100%        8    #######
 Discord                  Hex            ####......   100%        8    #######
 Ignition                 Fire           #.........   100%        8    #######
 Infestation              Necr           #.........   100%        8    #######
 Lehudib's Crystal Spear  Conj/Erth      #.........   100%        8    #######
 Necromutation            Tmut/Necr      #.........   100%        8    #######
 Summon Horrible Things   Summ           ###.......   100%        8    #######
 Fire Storm               Conj/Fire      #.........   100%        9    #######
 Glaciate                 Conj/Ice       #.........   100%        9    #######
 Shatter                  Erth           #.........   100%        9    #######
 Tornado                  Air            #.........   100%        9    #######


Dungeon Overview and Level Annotations

Branches:
Dungeon (15/15)            Temple (1/1) D:5            Lair (6/6) D:11
 Shoals (4/4) Lair:4       Spider (4/4) Lair:2        Slime (5/5) Lair:6
    Orc (2/2) D:10            Elf (3/3) Orc:2        Vaults (5/5) D:14
  Crypt (3/3) Vaults:3       Tomb (3/3) Crypt:3      Depths (5/5) D:15
   Hell (1/1)                 Dis (0/7) Hell            Geh (0/7) Hell
    Coc (0/7) Hell            Tar (0/7) Hell            Zot (5/5) Depths:5

Altars:
Ashenzari
Cheibriados
Dithmenos
Elyvilon
Fedhas
Gozag
Hepliaklqana
Kikubaaqudgha
Makhleb
Nemelex Xobeh
Okawaru
Qazlal
Ru
Sif Muna
Trog
Uskayaw
Vehumet
Wu Jian
Xom
Yredelemnul
Zin
The Shining One
Jiyva

Shops:
D:14 [   Orc:2 *[:   Elf:1 [   Shoals:2 *   Vaults:3 }   Depths:2 =}=*}
Depths:3 (   Depths:4 }}}   Depths:5 :(

Portals:
Hell: Depths:1 Depths:2 Depths:3 Depths:4 Depths:5
Abyss: Depths:1 Depths:2 Depths:4
Pandemonium: Depths:3
Ziggurat: Depths:5

Annotations:
D:6 dig
Spider:4 exclusion: 3 doors
Elf:2 3 runed translucent doors
Vaults:4 staves manual
Depths:2 CPA


Innate Abilities, Weirdness & Mutations

You reflexively headbutt those who attack you in melee.
You have a pair of horns on your head.
You have a somewhat thin skeletal structure. (Dex +2, Stealth)
You are resistant to electric shocks. (rElec)


Message History

The guardian mummy misses you. You furiously retaliate!
You headbutt the guardian mummy!
Found four items.
Blink to where?
Press: ? - help, Dir - move target cursor
As you read the scroll of blinking, it crumbles to dust.
A guardian mummy and 2 greater mummies come into view.
You are no longer teleporting projectiles to their destination.
The bennu pecks the emperor scorpion but does no damage.
The bennu barely misses the emperor scorpion.
The bennu claws the emperor scorpion!
The bennu pecks the emperor scorpion.
The bennu closely misses the emperor scorpion.
The bennu barely misses the emperor scorpion.
The Executioner gestures.
The Executioner seems to speed up.
The bennu misses the Executioner.
The bennu closely misses the Executioner.
The bennu claws the Executioner!
The greater mummy gestures at you while chanting.
Something smites you!
You die...

$$......#MzZ§W.#..^..
)|$[$..(..§#bbV...#s...$
[)$.).M....1MMMZ(§Z^..).
)M$$....M.s#.zMMM8#M....
$$Ms(.((..(#§MM...#...M.
$......M.^##.M(§..##Ms..
......(s..##......##.MsW
.....(s((# ^.......##.z.
(...?((@# ..M.....M##<.
?...(.^## .......... ##(
....(.# ...M....s. #
#..M.# s.......... ##'##
.M .


You could see 2 greater mummies, an emperor scorpion, a bennu (confused), an
Executioner, 3 guardian mummies, 3 death scarabs and 2 mummies.

Vanquished Creatures
  Cerebov (Pan)
  Dissolution (Slime:4)
  the Royal Jelly (Slime:5)
  Gloorx Vloq (Pan)
  Mnoleg (Pan)
  Lom Lobon (Pan)
  4 pandemonium lords (Pan)
  4 ancient liches
  Mennas (Depths:3)
  Mara (Elf:3)
  5 orbs of fire (Zot:5)
  3 juggernauts
  19 greater mummies
  Boris (twice) (Vaults:4 Tomb:1)
  Margery (Depths:5)
  Bai Suzhen (Shoals:3)
  6 Killer Klowns
  The ghost of Xeoblir the Warrior, a veteran TrFi of Makhleb (Elf:1)
  A caustic shrike (Depths:4)
  Frederick (Vaults:5)
  4 curse toes
  Geryon (Hell)
  14 golden dragons
  Nikola (Elf:1)
  Jory (Depths:3)
  Arachne (Spider:2)
  4 Tzitzimimeh (Pan)
  2 electric golems (Zot:5)
  3 Brimstone Fiends (Pan)
  23 tentacled monstrosities
  2 hellephants
  9 liches
  3 Hell Sentinels (Pan)
  Jorgrun (D:15)
  Rupert (D:13)
  An Ice Fiend (Pan)
  25 Orb Guardians (Zot:5)
  8 quicksilver dragons
  22 titans
  8 deep elf master archers
  7 deep elf blademasters
  Asterion (Spider:3)
  A quicksilver dragon (shapeshifter) (Depths:4)
  6 death cobs
  28 acid blobs
  23 Executioners (Pan)
  Polyphemus (Shoals:3)
  5 tentacled starspawn
  12 sphinxes
  7 ancient champions
  15 storm dragons
  9 tengu reavers
  Ilsuiw (Shoals:2)
  10 shadow dragons
  Kirke (Shoals:3)
  11 draconian monks
  9 azure jellies
  5 blood saints (Pan)
  5 revenants
  34 fire giants
  5 ghost moths
  13 cacodemons
  5 draconian knights
  12 deep elf sorcerers
  4 iron dragons (Depths:4)
  Aizul (Vaults:1)
  9 draconian scorchers
  6 curse skulls
  2 deep elf elementalists (Elf:3)
  3 orc warlords
  15 vault wardens
  A juggernaut zombie (Depths:1)
  A caustic shrike zombie (Crypt:2)
  25 balrugs
  28 frost giants
  6 corrupters (Pan)
  2 draconian stormcallers (Zot:1)
  A ghoul (Crypt:3)
  3 spriggan defenders
  2 warmongers (Pan)
  5 draconian shifters
  3 emperor scorpions
  47 very ugly things
  A caustic shrike skeleton (Crypt:2)
  10 draconian annihilators
  18 ironheart preservers
  32 stone giants
  10 reapers
  5 war gargoyles
  4 bennus
  20 green draconians
  8 vampire knights
  7 entropy weavers
  3 black draconians (shapeshifter) (Zot:3)
  15 black draconians
  2 green draconians (shapeshifter) (Zot:3)
  Nessos (D:13)
  4 black suns (Pan)
  21 deep elf annihilators
  9 lorocyprocas (Pan)
  An orange crystal statue (WizLab)
  6 deep elf demonologists
  17 white draconians
  Azrael (Orc:2)
  20 red draconians
  A white draconian (shapeshifter) (Zot:3)
  13 spark wasps
  The ghost of aaksess the Prestidigitator, a journeyman DDAr of Gozag (D:13)
  12 purple draconians
  2 death oozes (Slime:5)
  4 green deaths
  The ghost of Scuka the Severer, a journeyman MiBe of Trog (D:11)
  Snorg (D:13)
  11 yellow draconians
  10 eidola
  17 mummy priests
  15 blizzard demons
  17 ettins
  3 spectral quicksilver dragons (Crypt:3)
  10 deep elf death magi
  9 jiangshi
  2 crystal guardians
  5 merfolk impalers
  The ghost of Ijustatesigmund the Basher, a journeyman OpFi of Cheibriados (D:11)
  11 deep elf high priests
  9 fire dragons
  20 yaktaur captains
  The ghost of theanonym the Destroyer, a journeyman OpWz of Vehumet (D:11)
  4 merfolk javelineers
  A quicksilver dragon zombie (Tomb:2)
  20 rakshasas
  20 great orbs of eyes
  Erolcha (D:13)
  7 hydras
  3 quicksilver dragon skeletons
  6 spriggan air magi
  30 vault guards
  13 centaur warriors
  The ghost of Ijustatesigmund the Basher, a journeyman OpFi of Cheibriados (D:11)
  37 two-headed ogres
  2 alligator snapping turtles
  4 catoblepae
  11 ice dragons
  A spectral frost giant (Crypt:3)
  6 death knights
  3 satyrs
  5 merfolk aquamancers
  4 merfolk avatars
  20 ogre magi
  46 death scarabs
  5 dancing weapons
  17 deep troll shamans
  14 death yaks
  2 titan zombies
  10 tengu warriors
  The ghost of Sassenached the Carver, a novice HaSk of Nemelex Xobeh (D:11)
  8 vampire magi
  8 hell hogs
  4 orc high priests
  12 deep troll earth magi
  5 thrashing horrors
  6 spriggan berserkers
  11 hell knights
  21 soul eaters
  A storm dragon zombie (Crypt:2)
  24 deep elf knights
  2 spectral dire elephants (Crypt:3)
  A titan skeleton (Depths:1)
  2 spectral storm dragons (Crypt:3)
  2 iron golems (Hell)
  41 sun demons
  11 sea snakes
  3 wretched stars
  14 sixfirhies
  25 skeletal warriors
  10 iron trolls
  32 deep trolls
  A storm dragon skeleton (Tomb:1)
  An anaconda zombie (Crypt:2)
  A sea snake (shapeshifter) (D:13)
  14 shadow wraiths
  6 unseen horrors
  15 flayed ghosts
  A golden dragon zombie (Crypt:2)
  A glowing orange brain (shapeshifter) (Vaults:4)
  6 infernal demonspawn (Pan)
  2 spatial maelstroms
  An unseen horror (shapeshifter) (Vaults:2)
  10 glowing orange brains
  2 death drakes (shapeshifter)
  6 shadow demons (Pan)
  4 spectral iron dragons (Crypt:3)
  7 torturous demonspawn (Pan)
  A spriggan druid (Depths:2)
  4 gelid demonspawn (Pan)
  A shadow dragon zombie (Vaults:4)
  31 deep elf archers
  10 wizards
  Pikel (D:5)
  8 necromancers
  12 ironbrand convokers
  10 orc knights
  24 orb spiders
  An anaconda skeleton (Tomb:2)
  A spectral hydra (Crypt:3)
  13 phantasmal warriors
  5 harpies (Shoals:4)
  2 frost giant zombies
  A stone giant zombie (Depths:1)
  37 wolf spiders
  4 fire giant zombies
  A spectral ice dragon (Crypt:3)
  A shadow dragon skeleton (Pan)
  An iron dragon zombie (Hell)
  2 spectral fire dragons (Crypt:3)
  9 fauns
  67 deep elf magi
  A shining eye (shapeshifter) (Elf:3)
  4 oklob plants (Lair:4)
  A worldbinder (Abyss:3)
  60 ugly things
  3 orc sorcerers (Orc:2)
  7 shining eyes
  A manticore (shapeshifter) (Vaults:5)
  82 slime creatures
  A moth of wrath (shapeshifter) (D:15)
  22 manticores
  13 cyclopes
  A black mamba (Lair:1)
  3 elephants (Lair:2)
  26 moths of wrath
  An apocalypse crab (Abyss:2)
  An iron dragon skeleton (Pan)
  2 fire giant skeletons (Pan)
  3 frost giant skeletons
  4 stone giant skeletons
  10 vault sentinels
  12 merfolk sirens
  A black mamba (shapeshifter) (Vaults:3)
  2 water nymphs (Shoals:2)
  Maurice (D:13)
  6 guardian serpents
  An eye of devastation (shapeshifter) (Vaults:3)
  8 rust devils
  26 smoke demons
  2 eyes of devastation
  7 spiny frogs
  3 spiny frogs (shapeshifter)
  A pale draconian zombie (Crypt:3)
  The ghost of vogonpoet the Magician, a novice SpWn of Kikubaaqudgha (D:6)
  A yaktaur zombie (Depths:1)
  A molten gargoyle (Depths:2)
  A storm dragon simulacrum (Crypt:3)
  8 orange demons (Pan)
  A gargoyle (D:12)
  2 ice statues (Hell)
  5 hellions
  3 torpor snails
  A yaktaur (shapeshifter) (Depths:4)
  3 rime drakes
  13 demonic crawlers
  60 yaktaurs
  21 freezing wraiths
  6 komodo dragons
  6 efreet
  21 red devils
  3 redback zombies
  An alligator snapping turtle skeleton (Crypt:2)
  39 guardian mummies
  6 ancient zymes
  19 hellwings
  A golden dragon simulacrum (Crypt:3)
  4 harpy zombies
  A green draconian skeleton (Crypt:1)
  A queen bee (shapeshifter) (Depths:5)
  4 tengu conjurers
  15 trolls
  A polar bear (shapeshifter) (Vaults:2)
  2 trolls (shapeshifter)
  3 hydra zombies (Hell)
  30 merfolk
  A silent spectre (Abyss:4)
  3 jumping spiders (shapeshifter)
  3 meliai (Lair:5)
  2 meliai (shapeshifter)
  A red draconian skeleton (Crypt:1)
  A queen bee (Lair:5)
  32 jumping spiders
  2 hornets (shapeshifter)
  7 wind drakes
  6 raiju
  A shadow dragon simulacrum (Crypt:3)
  8 polar bears
  12 hornets
  A harpy skeleton (Pan)
  18 blink frogs
  2 ettin zombies
  A tyrant leech (shapeshifter) (Vaults:2)
  2 fire giant simulacra
  A hydra skeleton (Pan)
  4 hippogriffs (shapeshifter)
  A slime creature (shapeshifter) (Depths:5)
  9 dream sheep
  14 hippogriffs
  A death drake skeleton (Crypt:1)
  A shapeshifter (Vaults:2)
  A spectral black mamba (Crypt:3)
  20 starcursed masses
  5 snapping turtles
  A stone giant simulacrum (Tomb:1)
  16 ynoxinuls
  An air elemental (Elf:2)
  An ice dragon skeleton (Pan)
  7 shadows
  2 tarantellas (shapeshifter)
  A fire dragon skeleton (Crypt:1)
  3 spriggans
  30 flying skulls
  57 large abominations
  9 wraiths
  20 water elementals
  6 wyverns
  2 black mamba skeletons
  51 yaks
  A vampire (D:11)
  18 tarantellas
  A wind drake zombie (Crypt:3)
  72 redbacks
  An alligator skeleton (Hell)
  2 fire bats (Abyss:1)
  18 ushabtiu
  29 fire elementals
  6 golden eyes
  14 chaos spawn
  2 basilisks
  A tyrant leech zombie (Crypt:3)
  6 hungry ghosts
  2 humans (shapeshifter)
  15 neqoxecs
  2 spatial vortices
  4 wargs
  A spectral snapping turtle (Crypt:3)
  2 acid dragons (Vaults:2)
  5 insubstantial wisps
  A merfolk zombie (Crypt:2)
  3 spiny frog zombies
  A merfolk skeleton (Pan)
  27 small abominations
  2 floating eyes (shapeshifter)
  10 hell hounds
  11 water moccasins
  5 floating eyes
  15 porcupines
  A hydra simulacrum (Abyss:2)
  4 sky beasts
  50 orc warriors
  A spectral spriggan (Crypt:3)
  A deep troll skeleton (Vaults:4)
  A swamp drake (D:10)
  4 slaves
  2 snapping turtle zombies
  An ice beast (D:10)
  3 spiny frog skeletons
  5 eyes of draining
  7 necrophages
  A fire dragon simulacrum (Crypt:3)
  3 black bears
  30 wolves
  An alligator simulacrum (Hell)
  An ettin simulacrum (Crypt:3)
  36 ogres
  A blink frog zombie (Crypt:2)
  13 boggarts
  3 phantoms
  A snapping turtle skeleton (Pan)
  23 centaurs
  2 ogres (shapeshifter) (Elf:1)
  A swamp dragon skeleton (Pan)
  13 crocodiles
  4 big kobolds
  A hippogriff zombie (Crypt:2)
  2 spectral humans (Crypt:3)
  A big kobold (shapeshifter) (Elf:1)
  An elf zombie (Ossuary)
  21 bullfrogs
  2 earth elementals
  A spiny frog simulacrum (Hell)
  A wyvern zombie (D:12)
  An elf skeleton (Crypt:2)
  A komodo dragon skeleton (Crypt:1)
  2 wyvern skeletons (D:13)
  8 scorpions
  A shapeshifter zombie (Crypt:3)
  A swamp dragon simulacrum (Crypt:1)
  2 tengu zombies (Depths:1)
  A water moccasin skeleton (D:6)
  A spriggan zombie (Crypt:3)
  29 killer bees
  28 wights
  6 howler monkeys
  3 human simulacra
  3 electric eels
  4 centaur zombies
  12 crimson imps
  7 hounds
  4 quasits
  2 bullfrog zombies
  5 human zombies
  2 bullfrog skeletons
  A gnoll shaman (D:6)
  3 centaur skeletons
  4 jellies
  13 orc priests
  27 orc wizards
  4 iron imps
  An iguana (shapeshifter) (Elf:3)
  A porcupine zombie (Crypt:1)
  8 worker ants
  12 hell rats
  6 iguanas
  A porcupine skeleton (Crypt:3)
  A deep dwarf zombie (Crypt:3)
  An ogre zombie (Crypt:1)
  A big kobold zombie (Ossuary)
  A dwarf zombie (Crypt:3)
  2 hound skeletons
  48 mummies
  A worker ant zombie (D:6)
  12 gnolls
  13 adders
  2 howler monkey skeletons
  3 shadow imps
  3 white imps
  An ufetubus (Abyss:2)
  An ooze (D:5)
  An adder zombie (D:6)
  A worm (D:5)
  A dart slug (D:3)
  5 leopard geckos
  77 orcs
  3 ball pythons
  14 goblins
  8 hobgoblins
  11 jackals
  7 quokkas
  6 bats
  10 frilled lizards
  A gnoll zombie (Ossuary)
  A goblin zombie (Ossuary)
  3 hobgoblin zombies
  3 jackal skeletons
  2 jackal zombies
  29 kobolds
  A kobold zombie (Ossuary)
  An orc zombie (Ossuary)
  2 quokka skeletons
  2 quokka zombies
  17 rats
  2 rat zombies
  A butterfly (Lair:4)
  2 fire vortices (Pan)
  4 pillars of salt (Tomb:3)
  6 plants
  4 starspawn tentacles
  A withered plant (Crypt:3)
3840 creatures vanquished.

Vanquished Creatures (others)
  A fire giant (Pan)
  A draconian knight (Zot:1)
  A spark wasp (Spider:4)
  A vampire mage (Vaults:3)
  A death yak (Shoals:3)
  A hell knight (Depths:5)
  2 deep elf magi (Elf:1)
  An orb spider (Spider:4)
  2 moths of wrath (Zot:2)
  2 merfolk
  2 jumping spiders
  A tarantella (Spider:4)
  A yak (D:12)
  2 humans (Shoals:3)
  A boggart (Depths:1)
  A white imp (Hell)
  16 fungi
  2 lurking horrors (Abyss:2)
  52 pillars of salt
  36 plants
  13 starspawn tentacles
  2 withered plants (Crypt:3)
142 creatures vanquished.

Grand Total: 3982 creatures vanquished

Notes
Turn   | Place    | Note
-------+----------+-------------------------------------------
     0 | D:1      | mopl the Minotaur Hunter began the quest for the Orb.
     0 | D:1      | Reached XP level 1. HP: 18/18 MP: 0/0
   412 | D:1      | Reached XP level 2. HP: 24/25 MP: 1/1
   478 | D:1      | Reached skill level 5 in Crossbows
   929 | D:2      | Reached XP level 3. HP: 8/30 MP: 2/2
  1653 | D:2      | Found a sacrificial altar of Ru.
  1653 | D:2      | Found a white marble altar of Elyvilon.
  1655 | D:2      | Found a radiant altar of Vehumet.
  1655 | D:2      | Found a shadowy altar of Dithmenos.
  1657 | D:2      | Found an ornate altar of the Wu Jian Council.
  1657 | D:2      | Found a bloodstained altar of Trog.
  1672 | D:2      | Reached skill level 6 in Crossbows
  1833 | D:2      | Reached XP level 4. HP: 37/37 MP: 3/3
  1884 | D:3      | Found a snail-covered altar of Cheibriados.
  2696 | D:4      | Noticed a bullfrog
  2701 | D:4      | Killed a bullfrog
  2701 | D:4      | Reached skill level 7 in Crossbows
  2701 | D:4      | Reached XP level 5. HP: 34/42 MP: 4/4
  2771 | D:4      | Found a blossoming altar of Fedhas.
  2783 | D:4      | Noticed a phantom
  2827 | D:4      | Killed a phantom
  2827 | D:4      | Reached skill level 8 in Crossbows
  2827 | D:4      | Reached XP level 6. HP: 24/50 MP: 5/5
  3226 | D:4      | Reached skill level 9 in Crossbows
  3450 | D:4      | HP: 2/50 [jackal (2)]
  3876 | D:4      | Reached XP level 7. HP: 39/56 MP: 6/6
  4177 | D:5      | Entered Level 5 of the Dungeon
  4256 | D:5      | Reached skill level 10 in Crossbows
  4761 | D:5      | Reached XP level 8. HP: 41/62 MP: 7/7
  4762 | D:5      | Reached skill level 11 in Crossbows
  4907 | D:5      | Got a bloodstained quarterstaff
  4908 | D:5      | Identified the +4 quarterstaff of the Desolation of Salt
                  | {holy, rElec} (You found it on level 5 of the Dungeon)
  4992 | D:5      | Noticed Pikel
  5339 | D:5      | Killed Pikel
  5339 | D:5      | Reached skill level 12 in Crossbows
  5366 | D:5      | Found a staircase to the Ecumenical Temple.
  5427 | Temple   | Entered the Ecumenical Temple
  5728 | D:6      | Learned a level 1 spell: Apportation
  5979 | D:6      | Got a wavering lapis lazuli ring
  5980 | D:6      | Identified the ring of Zuaw {-Tele rPois Str-4 Slay+4
                  | Stlth+} (You found it on level 6 of the Dungeon)
  6057 | D:6      | Reached skill level 13 in Crossbows
  6101 | D:6      | Reached XP level 9. HP: 65/68 MP: 8/8
  6423 | D:6      | Found a glowing silver altar of Zin.
  6518 | D:6      | Found a transporter.
  6522 | D:6      | Found a transporter.
  6648 | D:6      | Noticed vogonpoet's ghost (novice SpWn)
  6670 | D:6      | Killed vogonpoet's ghost
  6728 | D:6      | Got a crude mace
  6741 | D:6      | Reached skill level 14 in Crossbows
  7421 | D:7      | Identified the +6 flail of Twilight {freeze, Int+3}
  8196 | D:8      | Found a sand-covered staircase.
  8209 | Ossuary  | Entered an ossuary
  8219 | Ossuary  | Reached skill level 15 in Crossbows
  8534 | D:8      | Found a hide-covered altar of Uskayaw.
  8549 | D:8      | Reached XP level 10. HP: 10/74 MP: 9/9
  9548 | D:9      | Found an iron altar of Okawaru.
  9572 | D:9      | Became a worshipper of Warmaster Okawaru
 10145 | D:9      | Reached skill level 1 in Armour
 10190 | D:9      | Reached skill level 1 in Invocations
 10327 | D:9      | Reached skill level 3 in Fighting
 10509 | D:10     | Entered Level 10 of the Dungeon
 10520 | D:10     | Reached skill level 16 in Crossbows
 10627 | D:10     | Noticed a two-headed ogre
 10696 | D:10     | Reached skill level 3 in Dodging
 10712 | D:10     | Reached skill level 2 in Armour
 10718 | D:10     | Reached * piety under Okawaru
 10731 | D:10     | Reached skill level 2 in Invocations
 10849 | D:10     | Reached skill level 4 in Fighting
 10858 | D:10     | Reached skill level 3 in Armour
 11066 | D:10     | Killed a two-headed ogre
 11066 | D:10     | Reached ** piety under Okawaru
 11066 | D:10     | Reached skill level 4 in Dodging
 11066 | D:10     | Reached skill level 3 in Invocations
 11738 | D:9      | Reached skill level 4 in Armour
 11738 | D:9      | Reached XP level 11. HP: 40/85 MP: 7/12
 11981 | D:10     | Found a staircase to the Orcish Mines.
 12001 | D:10     | Reached skill level 5 in Fighting
 12497 | D:11     | Reached *** piety under Okawaru
 12514 | D:11     | Reached skill level 5 in Dodging
 12523 | D:11     | Reached skill level 4 in Invocations
 12892 | D:11     | Reached skill level 5 in Armour
 13037 | D:11     | Found a staircase to the Lair.
 13074 | D:11     | Found a runed translucent gate.
 13075 | D:11     | Found a runed translucent gate.
 13075 | D:11     | Noticed Ijustatesigmund's ghost (journeyman OpFi)
 13075 | D:11     | Noticed Scuka's ghost (journeyman MiBe)
 13076 | D:11     | Found a runed translucent gate.
 13076 | D:11     | Noticed Sassenached's ghost (novice HaSk)
 13077 | D:11     | Noticed Ijustatesigmund's ghost (journeyman OpFi)
 13077 | D:11     | Noticed theanonym's ghost (journeyman OpWz)
 13153 | D:11     | Killed an unseen horror
 13153 | D:11     | Reached **** piety under Okawaru
 13153 | D:11     | Reached skill level 6 in Fighting
 13204 | D:11     | HP: 3/89 [something (7)]
 13238 | D:11     | Received a gift from Okawaru
 13624 | D:11     | Noticed a wizard
 13633 | D:11     | Paralysed by a wizard for 4 turns
 13672 | D:11     | Killed a wizard
 14220 | D:11     | Reached skill level 6 in Dodging
 14443 | D:11     | Noticed a two-headed ogre
 14460 | D:11     | Killed a two-headed ogre
 14460 | D:11     | Reached skill level 6 in Armour
 14460 | D:11     | Reached skill level 5 in Invocations
 14835 | D:11     | You fall into a shaft and drop 3 floors!
 14842 | D:14     | Noticed a five-headed hydra
 14846 | D:14     | Killed a five-headed hydra
 14846 | D:14     | Reached skill level 7 in Fighting
 14952 | D:13     | Noticed Snorg
 14966 | D:13     | Killed Snorg
 14966 | D:13     | Received a gift from Okawaru
 14966 | D:13     | Reached XP level 12. HP: 84/100 MP: 11/15
 14985 | D:13     | Found a frozen archway.
 15013 | D:13     | Found a glowing silver altar of Zin.
 15032 | D:14     | Got a smoking scale mail
 15038 | D:14     | Identified the +4 scale mail "Yqe Zoi" {rPois rF+++ rC+
                  | SInv} (You found it on level 14 of the Dungeon)
 15096 | D:13     | Reached skill level 7 in Armour
 15140 | D:13     | Reached ***** piety under Okawaru
 15140 | D:13     | Reached skill level 7 in Dodging
 15140 | D:13     | Reached skill level 6 in Invocations
 15152 | D:13     | Received a gift from Okawaru
 15160 | D:13     | Found a flagged portal.
 15173 | Bailey   | Entered a bailey
 15441 | Bailey   | Noticed an orc warlord
 15743 | Bailey   | Found a runed translucent gate.
 15743 | Bailey   | Found a runed translucent gate.
 15743 | Bailey   | Found a runed translucent gate.
 15796 | Bailey   | Killed an orc warlord
 15796 | Bailey   | Received a gift from Okawaru
 15796 | Bailey   | Reached skill level 8 in Fighting
 15796 | Bailey   | Reached skill level 17 in Crossbows
 15826 | Bailey   | Reached skill level 12 in Fighting
 15826 | Bailey   | Reached XP level 13. HP: 100/118 MP: 12/16
 15970 | D:13     | Found a transporter.
 15987 | D:13     | Noticed Nessos
 15989 | D:13     | Found a transporter.
 16002 | D:13     | Noticed aaksess's ghost (journeyman DDAr)
 16004 | D:13     | Killed Nessos
 16116 | D:12     | Received a gift from Okawaru
 16134 | D:12     | Reached skill level 8 in Armour
 16212 | D:12     | Received a gift from Okawaru
 16212 | D:12     | Reached skill level 8 in Dodging
 16736 | D:11     | Reached skill level 7 in Invocations
 16839 | D:11     | Identified the +9 mace "Oseaxes" {venom, Dex+6} (You found
                  | it on level 6 of the Dungeon)
 16938 | Lair:1   | Entered Level 1 of the Lair of Beasts
 17210 | Lair:1   | Reached skill level 1 in Evocations
 17268 | Lair:1   | Received a gift from Okawaru
 18466 | Lair:2   | Found a hole to the Spider Nest.
 18477 | Lair:2   | Received a gift from Okawaru
 18520 | Lair:2   | Reached skill level 2 in Evocations
 19164 | Lair:3   | Reached XP level 14. HP: 107/127 MP: 14/18
 19545 | Lair:3   | Reached skill level 9 in Armour
 19725 | Lair:3   | Got an ancient jade amulet
 19742 | Lair:3   | Identified the amulet of Xiefuko {Inacc Stlth+} (You found
                  | it on level 3 of the Lair of Beasts)
 19828 | Lair:3   | Got a glittering platinum ring
 19830 | Lair:3   | Identified the ring "Kukapecin" {rElec Str+4} (You found it
                  | on level 3 of the Lair of Beasts)
 19855 | Lair:3   | Reached skill level 13 in Fighting
 20274 | Lair:4   | Reached skill level 3 in Evocations
 20280 | Lair:4   | Reached skill level 9 in Dodging
 20471 | Lair:4   | Reached skill level 8 in Invocations
 20659 | Lair:4   | Received a gift from Okawaru
 20773 | Lair:4   | Received a gift from Okawaru
 20896 | Lair:4   | Found a staircase to the Shoals.
 21247 | Lair:4   | Received a gift from Okawaru
 21573 | Lair:4   | Identified a scroll of acquirement
 21652 | Lair:5   | Reached skill level 4 in Evocations
 21914 | Lair:5   | Reached skill level 10 in Armour
 21969 | Lair:5   | Received a gift from Okawaru
 22972 | Lair:6   | Entered Level 6 of the Lair of Beasts
 23259 | Lair:6   | Reached skill level 18 in Crossbows
 23292 | Lair:6   | Reached skill level 10 in Dodging
 23688 | Lair:6   | Found a staircase to the Slime Pits.
 23792 | Lair:6   | Reached skill level 5 in Evocations
 23803 | Lair:6   | Received a gift from Okawaru
 24500 | Lair:5   | Reached skill level 14 in Fighting
 24500 | Lair:5   | Reached XP level 15. HP: 92/138 MP: 13/20
 24838 | Lair:6   | Got a polished long sword
 24839 | Lair:6   | Identified the +11 long sword "Awnup" {freeze, rElec rPois
                  | Int-2 SInv} (You found it on level 6 of the Lair of Beasts)
 24934 | Lair:6   | Received a gift from Okawaru
 25249 | Orc:1    | Entered Level 1 of the Orcish Mines
 25767 | Orc:2    | Entered Level 2 of the Orcish Mines
 25793 | Orc:1    | Reached skill level 11 in Armour
 25949 | Orc:2    | Received a gift from Okawaru
 26083 | Orc:1    | Received a gift from Okawaru
 26549 | Orc:2    | Found a staircase to the Elven Halls.
 26585 | Orc:2    | Found Ninenn's Antique Armour Boutique.
 27038 | Orc:2    | Found Jeuhiamuv's Book Emporium.
 27058 | Orc:2    | Received a gift from Okawaru
 27250 | Orc:2    | Found Vomoclit's Antique Weapon Shoppe.
 27425 | Orc:2    | Noticed an orc warlord
 27430 | Orc:2    | Killed an orc warlord
 27430 | Orc:2    | Received a gift from Okawaru
 27455 | Orc:2    | Found Uqainis's General Store.
 27476 | Orc:2    | Bought a scroll of blinking for 82 gold pieces
 27476 | Orc:2    | Bought a scroll of blinking for 82 gold pieces
 27476 | Orc:2    | Bought a scroll of summoning for 104 gold pieces
 27499 | Orc:2    | Noticed Azrael
 27519 | Orc:2    | Killed Azrael
 27519 | Orc:2    | Reached skill level 6 in Evocations
 28092 | D:12     | Received a gift from Okawaru
 28515 | D:12     | Identified the Incunabulum of the Voyage
 28517 | D:12     | Identified Gyfoebabb's Tome of Bewitchment
 28760 | D:12     | Got a pair of ancient gloves
 28771 | D:12     | Identified the +0 pair of gloves "Ubli" {*Corrode Regen+
                  | Str-4 Dex+9} (You acquired it on level 12 of the Dungeon)
 28776 | D:13     | Noticed Rupert
 28776 | D:13     | Noticed Erolcha
 28810 | D:13     | Killed Rupert
 28810 | D:13     | Reached skill level 11 in Dodging
 28855 | D:13     | Killed Erolcha
 29034 | D:13     | Found a bloodstained altar of Trog.
 29136 | D:13     | Reached skill level 19 in Crossbows
 29199 | D:13     | Noticed Maurice
 29208 | D:13     | Killed Maurice
 29286 | D:13     | Found a glowing silver altar of Zin.
 29389 | D:14     | Found Kimip's Antique Armour Shop.
 29503 | D:14     | Found a gate to the Vaults.
 29853 | D:14     | Found a shattered altar of Ashenzari.
 30211 | D:15     | Entered Level 15 of the Dungeon
 30367 | D:15     | Noticed Jorgrun
 30381 | D:14     | Reached ****** piety under Okawaru
 30381 | D:14     | Reached skill level 12 in Armour
 30381 | D:14     | Reached XP level 16. HP: 115/147 MP: 15/21
 30577 | D:14     | Received a gift from Okawaru
 30650 | D:15     | Gained mutation: Your body sometimes deteriorates upon
                  | taking damage. [a neqoxec]
 30653 | D:15     | Gained mutation: You are dopey. (Int -2) [a neqoxec]
 30657 | D:15     | Killed Jorgrun
 30657 | D:15     | Reached skill level 7 in Evocations
 30828 | D:15     | Received a gift from Okawaru
 30828 | D:15     | Reached skill level 15 in Fighting
 31286 | D:15     | Found a staircase to the Depths.
 31565 | D:11     | Killed Scuka's ghost
 31565 | D:11     | Received a gift from Okawaru
 31574 | D:11     | Killed Ijustatesigmund's ghost
 31587 | D:11     | Killed theanonym's ghost
 31590 | D:11     | Killed Ijustatesigmund's ghost
 31605 | D:11     | Killed Sassenached's ghost
 31643 | D:11     | Got a pair of polished gloves
 31654 | D:11     | Identified the +0 pair of gloves "Oxuffag" {Str+2} (You
                  | acquired it on level 11 of the Dungeon)
 31710 | Lair:1   | Lost mutation: You are dopey. (Int -2) [potion of mutation]
 31710 | Lair:1   | Lost mutation: Your body sometimes deteriorates upon taking
                  | damage. [potion of mutation]
 31710 | Lair:1   | Gained mutation: You can translocate small distances at
                  | will. [potion of mutation]
 31710 | Lair:1   | Gained mutation: Your muscles are strong. (Str +2) [potion
                  | of mutation]
 31853 | Elf:1    | Entered Level 1 of the Elven Halls
 31856 | Elf:1    | Found a runed translucent gate.
 31856 | Elf:1    | Found a runed translucent gate.
 31858 | Elf:1    | Found a runed translucent gate.
 31859 | Elf:1    | Noticed a tentacled monstrosity
 31859 | Elf:1    | Noticed a tentacled monstrosity
 31859 | Elf:1    | Noticed a tentacled monstrosity
 31877 | Elf:1    | Killed a tentacled monstrosity
 31882 | Elf:1    | Killed a tentacled monstrosity
 31889 | Elf:1    | Killed a tentacled monstrosity
 31901 | Elf:1    | Reached skill level 12 in Dodging
 31912 | Elf:1    | Found a runed translucent gate.
 31912 | Elf:1    | Found a runed translucent gate.
 31934 | Elf:1    | Found a runed translucent gate.
 31936 | Elf:1    | Noticed Xeoblir's ghost (veteran TrFi)
 32008 | Elf:1    | Killed Xeoblir's ghost
 32008 | Elf:1    | Received a gift from Okawaru
 32177 | Elf:1    | Got a heavily runed hat
 32205 | Elf:1    | Identified the cursed +0 hat of the Elephant {rPois rC+
                  | SInv} (You found it on level 1 of the Elven Halls)
 32294 | Elf:1    | Reached skill level 20 in Crossbows
 32295 | Elf:1    | Received a gift from Okawaru
 32300 | Elf:1    | Reached skill level 8 in Evocations
 32319 | Elf:1    | HP: 3/149 [deep elf archer/arrow[a deep elf high priest]
                  | (21)]
 32327 | Elf:1    | Reached skill level 13 in Armour
 32588 | Elf:1    | Identified the Papyrus of Battle Magic
 32607 | Elf:1    | Noticed Nikola
 32620 | Elf:1    | Killed Nikola
 32657 | Elf:1    | Received a gift from Okawaru
 32736 | Elf:1    | Found Wiarudgh's Armour Boutique.
 33102 | Elf:2    | Reached XP level 17. HP: 157/157 MP: 22/22
 33186 | Elf:2    | Found a runed translucent gate.
 33186 | Elf:2    | Found a runed translucent gate.
 33186 | Elf:2    | Found a runed translucent gate.
 33706 | Elf:3    | Entered Level 3 of the Elven Halls
 33706 | Elf:3    | Found a huge runed gate.
 33706 | Elf:3    | Found a huge runed gate.
 33706 | Elf:3    | Found a huge runed gate.
 33706 | Elf:3    | Found a huge runed gate.
 33706 | Elf:3    | Found a huge runed gate.
 33706 | Elf:3    | Found a huge runed gate.
 33735 | Elf:3    | Found a huge runed gate.
 33735 | Elf:3    | Found a huge runed gate.
 33735 | Elf:3    | Found a huge runed gate.
 33737 | Elf:3    | Found a huge runed gate.
 33800 | Elf:3    | Found a huge runed gate.
 34220 | Elf:3    | Received a gift from Okawaru
 34231 | Elf:3    | Got a pitted chain mail {god gift}
 34246 | Elf:3    | Identified the +4 chain mail of Okawaru's Benevolence
                  | {rElec Str+4 Dex+4} (Okawaru gifted it to you on level 3 of
                  | the Elven Halls)
 34355 | Elf:3    | Found a huge runed gate.
 34357 | Elf:3    | Found a huge runed gate.
 34358 | Elf:3    | Found a huge runed gate.
 34359 | Elf:3    | Found a huge runed gate.
 34360 | Elf:3    | Found a huge runed gate.
 34360 | Elf:3    | Found a huge runed gate.
 34361 | Elf:3    | Found a huge runed gate.
 34361 | Elf:3    | Found a huge runed gate.
 34361 | Elf:3    | Found a huge runed gate.
 34361 | Elf:3    | Found a huge runed gate.
 34361 | Elf:3    | Found a huge runed gate.
 34362 | Elf:3    | Found a huge runed gate.
 34443 | Elf:3    | Reached skill level 16 in Fighting
 34511 | Elf:3    | Found a huge runed gate.
 34823 | Elf:3    | Noticed an Ice Fiend
 34828 | Elf:3    | Reached skill level 9 in Evocations
 34950 | Elf:3    | Reached skill level 13 in Dodging
 34991 | Elf:3    | Noticed a deep elf blademaster
 35004 | Elf:3    | Killed a deep elf blademaster
 35030 | Elf:3    | Received a gift from Okawaru
 35062 | Elf:3    | Noticed Mara
 35072 | Elf:3    | Noticed mopl's illusion
 35178 | Elf:3    | Killed Mara
 35178 | Elf:3    | Reached skill level 21 in Crossbows
 35178 | Elf:3    | Reached skill level 14 in Armour
 35217 | Elf:3    | Noticed a deep elf blademaster
 35230 | Elf:3    | Killed a deep elf blademaster
 35400 | Elf:3    | Noticed a deep elf master archer
 35415 | Elf:3    | Identified the amulet of Teutaifo {+Rage rElec rPois Int-3
                  | Slay+2}
 35415 | Elf:3    | Noticed a deep elf blademaster
 35417 | Elf:3    | Killed a deep elf master archer
 35419 | Elf:3    | Reached XP level 18. HP: 87/168 MP: 11/24
 35779 | Elf:3    | Identified the +5 war axe "Yviaf" {flame, MR+ MP+9 Dex+2}
 35827 | Elf:3    | Identified the cursed +1 battleaxe of Success {freeze,
                  | rN+++ Str-3 SInv}
 35854 | Elf:3    | Received a gift from Okawaru
 35859 | Elf:3    | Identified the cursed +0 dagger of Indomitability {pain,
                  | rPois rF+ Int+2 Stlth-}
 36775 | Spider:1 | Entered Level 1 of the Spider Nest
 36835 | Spider:1 | Received a gift from Okawaru
 37031 | Spider:1 | Received a gift from Okawaru
 37039 | Spider:1 | Reached skill level 10 in Evocations
 37047 | Spider:1 | Got an ebony arbalest {god gift}
 37494 | Spider:1 | Reached skill level 17 in Fighting
 38054 | Spider:2 | Noticed Arachne
 38077 | Spider:2 | Killed Arachne
 38077 | Spider:2 | Reached skill level 14 in Dodging
 38610 | Spider:2 | Received a gift from Okawaru
 38610 | Spider:2 | Reached skill level 15 in Armour
 38693 | Spider:2 | Identified the +3 arbalest "Zobb" {velocity, Str+4}
                  | (Okawaru gifted it to you on level 1 of the Spider Nest)
 39675 | Spider:3 | Reached skill level 22 in Crossbows
 40142 | Spider:4 | Entered Level 4 of the Spider Nest
 40452 | Spider:4 | Reached XP level 19. HP: 91/177 MP: 0/25
 40624 | Spider:4 | Noticed Asterion
 40816 | Spider:3 | Killed Asterion
 41115 | Spider:4 | Paralysed by a hornet for 3 turns
 41121 | Spider:4 | Reached skill level 9 in Invocations
 41288 | Spider:4 | Identified the +6 ring mail "Ecoinas" {rN+ Int+2} (You
                  | found it on level 4 of the Spider Nest)
 41316 | Spider:4 | Received a gift from Okawaru
 41581 | Spider:4 | Received a gift from Okawaru
 41600 | Spider:4 | Identified the +7 chain mail of Hopscotch {rElec rPois rF-
                  | Int+4} (Okawaru gifted it to you on level 4 of the Spider
                  | Nest)
 41821 | Spider:4 | Got a gossamer rune of Zot
 42169 | Shoals:1 | Entered Level 1 of the Shoals
 42329 | Shoals:1 | Learned a level 2 spell: Blink
 42952 | Shoals:2 | Noticed Ilsuiw
 42970 | Shoals:2 | Killed Ilsuiw
 43139 | Shoals:2 | Found Uteff's Island Escapes.
 43181 | Shoals:2 | Bought a scroll of blinking for 90 gold pieces
 43181 | Shoals:2 | Bought a scroll of blinking for 90 gold pieces
 43181 | Shoals:2 | Bought a scroll of blinking for 90 gold pieces
 43549 | Shoals:3 | Noticed Bai Suzhen
 44085 | Shoals:3 | Killed Bai Suzhen
 44184 | Shoals:3 | Noticed Kirke
 44203 | Shoals:3 | Killed Kirke
 44756 | Shoals:3 | Received a gift from Okawaru
 44756 | Shoals:3 | Reached skill level 15 in Dodging
 44872 | Shoals:3 | Noticed Polyphemus
 44904 | Shoals:3 | Killed Polyphemus
 44904 | Shoals:3 | Reached skill level 18 in Fighting
 44977 | Shoals:3 | Reached skill level 16 in Armour
 45215 | Shoals:3 | Received a gift from Okawaru
 45234 | Shoals:3 | Identified the +7 executioner's axe of Asijir {protect,
                  | +Inv Str-5 Int+4} (Okawaru gifted it to you on level 3 of
                  | the Shoals)
 45383 | Shoals:4 | Entered Level 4 of the Shoals
 45424 | Shoals:4 | Reached skill level 10 in Invocations
 45629 | Shoals:4 | Reached skill level 23 in Crossbows
 45650 | Shoals:4 | Reached XP level 20. HP: 116/187 MP: 13/26
 46028 | Shoals:4 | Received a gift from Okawaru
 46031 | Shoals:4 | Identified the +5 triple crossbow "Nekot" {freeze, rF+ MR+}
                  | (Okawaru gifted it to you on level 4 of the Shoals)
 46101 | Shoals:4 | Got a barnacled rune of Zot
 47485 | D:13     | Killed aaksess's ghost
 47587 | Vaults:1 | Entered Level 1 of the Vaults
 47593 | Vaults:1 | Noticed Aizul
 47608 | Vaults:1 | Killed Aizul
 47992 | Vaults:1 | Received a gift from Okawaru
 48432 | Vaults:1 | You fall into a shaft and drop 1 floor!
 48620 | Vaults:2 | Received a gift from Okawaru
 48621 | Vaults:2 | Identified the +5 arbalest of the Blessed Realm {venom,
                  | rElec MP+9} (Okawaru gifted it to you on level 2 of the
                  | Vaults)
 48667 | Vaults:2 | Reached skill level 11 in Invocations
 49617 | Vaults:2 | Reached skill level 17 in Armour
 50027 | Vaults:3 | Received a gift from Okawaru
 50165 | Vaults:3 | Reached XP level 21. HP: 196/196 MP: 28/28
 50246 | Vaults:3 | Reached skill level 16 in Dodging
 50335 | Vaults:3 | Found a staircase to the Crypt.
 50379 | Vaults:3 | Reached skill level 24 in Crossbows
 50380 | Vaults:3 | Reached skill level 19 in Fighting
 50489 | Vaults:3 | Identified the +0 ring mail of Baldness {*Slow rElec Dex+4}
                  | (You found it on level 3 of the Vaults)
 50997 | Vaults:3 | Learned a level 3 spell: Regeneration
 51010 | Vaults:3 | Found Daocosaq's Gadget Boutique.
 51382 | Vaults:4 | Received a gift from Okawaru
 51432 | Vaults:4 | Noticed Boris
 51443 | Vaults:4 | Killed Boris
 51502 | Vaults:4 | Found a magical portal.
 51514 | WizLab   | Entered Wucad Mu's Monastery
 51613 | WizLab   | HP: 5/198 [grey draconian monk[old memories] (10)]
 51742 | WizLab   | Found the +9 staff of Wucad Mu {channel}
 51798 | WizLab   | Reached XP level 22. HP: 186/206 MP: 29/29
 52010 | Vaults:4 | Received a gift from Okawaru
 52043 | Vaults:4 | Identified the +2 cloak "Onneistikk" {+Blink Regen+}
                  | (Okawaru gifted it to you on level 4 of the Vaults)
 52309 | Vaults:4 | Reached skill level 12 in Invocations
 53189 | Depths:1 | Entered Level 1 of the Depths
 53442 | Depths:1 | Reached skill level 25 in Crossbows
 53753 | D:15     | Reached skill level 18 in Armour
 53753 | D:15     | Reached XP level 23. HP: 134/215 MP: 18/31
 53874 | Depths:1 | Received a gift from Okawaru
 53892 | Depths:1 | Found a one-way gate to the infinite horrors of the Abyss.
 53942 | Depths:1 | Reached skill level 17 in Dodging
 53988 | Depths:1 | Received a gift from Okawaru
 54310 | Depths:1 | Found a gateway to Hell.
 54421 | Depths:1 | Reached skill level 20 in Fighting
 55103 | Depths:2 | Found Safiur's Changing Room.
 55199 | Depths:2 | Found Norho's Gadget Boutique.
 55685 | Depths:2 | Found Qexijow's Jewellery Emporium.
 55685 | Depths:2 | Found Ujiorikh's Gadget Shop.
 55686 | Depths:2 | Found Qemaum's Jewellery Emporium.
 55687 | Depths:2 | You fall into a shaft and drop 1 floor!
 55789 | Depths:2 | Bought an uncursed amulet of faith for 720 gold pieces
 55803 | Depths:2 | Bought a wand of clouds (6) for 480 gold pieces
 55935 | Depths:2 | Received a gift from Okawaru
 56000 | Depths:3 | Noticed Mennas
 56072 | Depths:3 | Lost mutation: Your muscles are strong. (Str +2) [the power
                  | of Zot]
 56096 | Depths:3 | Killed Mennas
 56096 | Depths:3 | Reached skill level 26 in Crossbows
 56147 | Depths:3 | Found a one-way gate leading to the halls of Pandemonium.
 56200 | Depths:3 | Reached skill level 19 in Armour
 56250 | Depths:3 | Reached XP level 24. HP: 33/226 MP: 30/31
 56498 | Depths:3 | Noticed Jory
 56528 | Depths:3 | Killed Jory
 56531 | Depths:3 | Reached skill level 18 in Dodging
 56600 | Depths:3 | Received a gift from Okawaru
 56601 | Depths:3 | Identified the +3 arbalest of Disharmony {velocity, Dex+4}
                  | (Okawaru gifted it to you on level 3 of the Depths)
 56807 | Depths:3 | Found Sudojox's Antique Weapon Shop.
 56999 | Depths:3 | Reached skill level 21 in Fighting
 57482 | Depths:4 | Found Tikh's Gadget Shop.
 57541 | Depths:4 | Received a gift from Okawaru
 57730 | Depths:4 | Found Quidem's Gadget Shop.
 57943 | Depths:4 | Reached skill level 11 in Evocations
 57954 | Depths:4 | Received a gift from Okawaru
 57963 | Depths:4 | Identified the +4 ring mail "Atti" {rCorr} (Okawaru gifted
                  | it to you on level 4 of the Depths)
 58010 | Depths:4 | Noticed a juggernaut
 58028 | Depths:4 | Killed a juggernaut
 58028 | Depths:4 | Reached skill level 13 in Invocations
 58365 | Depths:4 | Reached skill level 20 in Armour
 58380 | Depths:4 | Received a gift from Okawaru
 58415 | Depths:4 | Reached XP level 25. HP: 110/236 MP: 32/32
 58580 | Depths:4 | Received a gift from Okawaru
 58583 | Depths:4 | Identified the +0 pair of gloves of Fuonwuwu {rElec rN++
                  | Dex-3 Stlth+} (Okawaru gifted it to you on level 4 of the
                  | Depths)
 58798 | Depths:4 | Reached skill level 19 in Dodging
 59063 | Depths:4 | Reached skill level 12 in Evocations
 59186 | Depths:4 | Identified the +8 chain mail of Intercession {rN+} (You
                  | found it on level 4 of the Depths)
 59193 | Depths:4 | Found Axzupn's Gadget Shop.
 59535 | Depths:4 | Identified Uvox's Reference Book on Unholy Snow
 60112 | Depths:5 | Entered Level 5 of the Depths
 60203 | Depths:5 | Noticed a juggernaut
 60219 | Depths:5 | Killed a juggernaut
 60219 | Depths:5 | Reached skill level 14 in Invocations
 60314 | Depths:5 | Paralysed by a floating eye for 3 turns
 60339 | Depths:5 | Found Otreroim's Book Emporium.
 60387 | Depths:5 | Reached skill level 22 in Fighting
 60457 | Depths:5 | Received a gift from Okawaru
 60597 | Depths:5 | Received a gift from Okawaru
 60618 | Depths:5 | Noticed a juggernaut
 60631 | Depths:5 | Killed a juggernaut
 60671 | Depths:5 | Received a gift from Okawaru
 60723 | Depths:5 | Paralysed by a great orb of eyes for 7 turns
 60757 | Depths:5 | Got a pair of crude boots {god gift}
 60780 | Depths:5 | Identified the +0 pair of boots of the Ten Tables {*Drain
                  | MP+9 Dex+6} (Okawaru gifted it to you on level 5 of the
                  | Depths)
 60793 | Depths:5 | Got an ancient copper ring
 60794 | Depths:5 | Identified the ring of Suspected Treachery {rElec rF++
                  | Int-4 Dex+3 SInv} (You found it on level 5 of the Depths)
 60909 | Depths:5 | Found a gate to the Realm of Zot.
 60981 | Depths:5 | Found Vowk's Weapon Emporium.
 61119 | Depths:5 | Found a gateway to a ziggurat.
 61145 | Depths:5 | Identified the ring "Watoik" {Wiz Str+2 Dex+4}
 61241 | Depths:5 | Noticed Margery
 61285 | Depths:5 | Identified the +7 plate armour "Pienkar" {Str+6}
 61294 | Depths:5 | Reached skill level 21 in Armour
 61305 | Depths:5 | Killed Margery
 61573 | Depths:5 | Identified the +5 war axe "Viujebuu" {chop, Int+2}
 61614 | Depths:5 | Identified the ring "Vaaroecs" {MR- rCorr Int+3} (You found
                  | it on level 5 of the Depths)
 61693 | Depths:5 | Upgraded the game from 0.24-a0-368-g0e0cebd0f3 to
                  | 0.24-a0-373-g39439d866b
 61931 | Lair:1   | Learned a level 1 spell: Summon Butterflies
 61934 | Lair:1   | Learned a level 2 spell: Corpse Rot
 62022 | Slime:1  | Entered Level 1 of the Pits of Slime
 62037 | Lair:6   | Reached XP level 26. HP: 216/248 MP: 33/33
 62515 | Slime:2  | Gained mutation: You are dopey. (Int -2) [a shining eye]
 62518 | Slime:2  | Reached skill level 13 in Evocations
 62519 | Slime:2  | Received a gift from Okawaru
 62608 | Slime:2  | Identified the +2 arbalest "Ogreslayer" {speed, Dex+3}
                  | (Okawaru gifted it to you on level 2 of the Pits of Slime)
 62704 | Slime:3  | Reached skill level 15 in Invocations
 62754 | Slime:4  | Noticed Dissolution
 62763 | Slime:4  | Killed Dissolution
 62763 | Slime:4  | Reached skill level 20 in Dodging
 62834 | Slime:4  | Gained mutation: You tend to lose your temper in combat. [a
                  | shining eye]
 62873 | Slime:5  | Entered Level 5 of the Pits of Slime
 62884 | Slime:5  | Received a gift from Okawaru
 63156 | Slime:5  | Noticed the Royal Jelly
 63162 | Slime:5  | Found a viscous altar of Jiyva.
 63171 | Slime:5  | Killed the Royal Jelly
 63171 | Slime:5  | HP: 10/249 [acid blob[the Royal Jelly] (27)]
 63176 | Slime:5  | HP: 8/249 [acid blob/splash of acid[the Royal Jelly] (3)]
 63176 | Slime:5  | HP: 2/249 [acid[the Royal Jelly] (6)]
 64238 | Slime:5  | Got a slimy rune of Zot
 64264 | Slime:5  | Identified the +0 ring mail of Ymiasymo {Int-5 Dex+5} (You
                  | found it on level 5 of the Pits of Slime)
 64269 | Slime:5  | Identified the Papyrus of Torrid Toxins
 64282 | Slime:5  | Got a transparent bronze ring
 64283 | Slime:5  | Identified the ring "Pyodatomaff" {Fire Int+5} (You found
                  | it on level 5 of the Pits of Slime)
 64474 | Slime:1  | Reached skill level 23 in Fighting
 64630 | Spider:3 | Lost mutation: You tend to lose your temper in combat.
                  | [potion of mutation]
 64630 | Spider:3 | Lost mutation: You are dopey. (Int -2) [potion of mutation]
 64630 | Spider:3 | Lost mutation: You can translocate small distances at will.
                  | [potion of mutation]
 64630 | Spider:3 | Gained mutation: You are weak. (Str -2) [potion of
                  | mutation]
 64630 | Spider:3 | Gained mutation: Scrolls take you a little longer to read.
                  | [potion of mutation]
 64630 | Spider:3 | Lost mutation: Scrolls take you a little longer to read.
                  | [potion of mutation]
 64630 | Spider:3 | Gained mutation: You expend magic power (3 MP) to
                  | strengthen your wands. [potion of mutation]
 64712 | Lair:1   | Lost mutation: You expend magic power (3 MP) to strengthen
                  | your wands. [potion of mutation]
 64712 | Lair:1   | Lost mutation: You are weak. (Str -2) [potion of mutation]
 64712 | Lair:1   | Gained mutation: Armour fits poorly on your strangely
                  | shaped body. [potion of mutation]
 64712 | Lair:1   | Gained mutation: You are partially covered in slimy green
                  | scales. (AC +2) [potion of mutation]
 64713 | Lair:1   | Lost mutation: Armour fits poorly on your strangely shaped
                  | body. [potion of mutation]
 64713 | Lair:1   | Lost mutation: You are partially covered in slimy green
                  | scales. (AC +2) [potion of mutation]
 64713 | Lair:1   | Gained mutation: You can translocate small distances at
                  | will. [potion of mutation]
 64713 | Lair:1   | Gained mutation: You are resistant to hostile enchantments.
                  | (MR+) [potion of mutation]
 64987 | Zot:1    | Entered Level 1 of the Realm of Zot
 65199 | Zot:1    | Received a gift from Okawaru
 65601 | Zot:1    | Reached skill level 22 in Armour
 66187 | Zot:2    | Reached skill level 14 in Evocations
 66224 | Zot:2    | Reached XP level 27. HP: 35/258 MP: 33/33
 66241 | Zot:2    | Reached skill level 16 in Invocations
 66280 | Zot:2    | HP: 11/259 [purple draconian knight/+1 bardiche of
                  | protection (22)]
 66677 | Zot:2    | Received a gift from Okawaru
 66691 | Zot:2    | Identified the +2 glaive of Wrongful Imprisonment {vamp,
                  | Str+3}
 66857 | Zot:2    | Reached skill level 21 in Dodging
 67190 | Zot:2    | Received a gift from Okawaru
 68467 | Zot:3    | Reached skill level 24 in Fighting
 68521 | Zot:3    | Found a shimmering altar of Xom.
 68644 | Zot:3    | Reached skill level 15 in Evocations
 68822 | Zot:3    | Identified the +4 scale mail of Intuition {Regen+ rCorr
                  | Int-4 Stlth+} (You found it on level 3 of the Realm of Zot)
 69210 | Zot:4    | Received a gift from Okawaru
 69210 | Zot:4    | Reached skill level 23 in Armour
 69237 | Zot:4    | Reached skill level 17 in Invocations
 69383 | Zot:4    | Received a gift from Okawaru
 69399 | Zot:4    | Received a gift from Okawaru
 69439 | Zot:4    | Received a gift from Okawaru
 69738 | Zot:4    | Received a gift from Okawaru
 69902 | Zot:4    | Identified the +1 plate armour "Xitut" {*Drain Int+4 Dex+4}
                  | (You found it on level 4 of the Realm of Zot)
 70090 | Zot:5    | Entered Level 5 of the Realm of Zot
 70173 | Zot:5    | Reached skill level 22 in Dodging
 70619 | Zot:5    | Received a gift from Okawaru
 70636 | Zot:5    | Reached skill level 18 in Invocations
 70639 | Zot:5    | Noticed an orb of fire
 70650 | Zot:5    | Gained mutation: Your body sometimes deteriorates upon
                  | taking damage. [an orb of fire]
 70653 | Zot:5    | Killed an orb of fire
 70654 | Zot:5    | Noticed an ancient lich
 70657 | Zot:5    | Killed an ancient lich
 70657 | Zot:5    | Noticed an orb of fire
 70666 | Zot:5    | Killed an orb of fire
 70668 | Zot:5    | Identified the +1 pair of gloves of Bitterness {rN+ Str+3}
                  | (Okawaru gifted it to you on level 5 of the Realm of Zot)
 70699 | Zot:5    | Received a gift from Okawaru
 70709 | Zot:5    | Noticed an ancient lich
 70724 | Zot:5    | Killed an ancient lich
 70724 | Zot:5    | Reached skill level 25 in Fighting
 70886 | Zot:5    | Noticed an ancient lich
 70887 | Zot:5    | Noticed an orb of fire
 70888 | Zot:5    | Noticed an orb of fire
 70903 | Zot:5    | Killed an orb of fire
 70903 | Zot:5    | Received a gift from Okawaru
 70904 | Zot:5    | Found the +6 arbalest "Damnation" {damnation}
 70907 | Zot:5    | Killed an ancient lich
 70907 | Zot:5    | Reached skill level 24 in Armour
 70917 | Zot:5    | Gained mutation: You are weak. (Str -2) [an orb of fire]
 70920 | Zot:5    | Killed an orb of fire
 70920 | Zot:5    | Reached skill level 19 in Invocations
 70943 | Zot:5    | Received a gift from Okawaru
 70979 | Zot:5    | Noticed an orb of fire
 70993 | Zot:5    | Killed an orb of fire
 70993 | Zot:5    | Received a gift from Okawaru
 71387 | Zot:5    | Received a gift from Okawaru
 71400 | Zot:5    | Reached skill level 23 in Dodging
 71400 | Zot:5    | Reached skill level 20 in Invocations
 71853 | Vaults:5 | Entered Level 5 of the Vaults
 71926 | Vaults:5 | Identified the +10 dagger of Power {antimagic, rC+ Str+4}
 72233 | Vaults:5 | Identified the amulet of Qitev {Reflect rC+ Str+5 SH+3}
 72330 | Vaults:5 | Identified the Catalogue of Floating Ice
 72439 | Vaults:5 | Received a gift from Okawaru
 72458 | Vaults:5 | Noticed Frederick
 72468 | Vaults:5 | Killed Frederick
 72468 | Vaults:5 | Reached skill level 25 in Armour
 72551 | Vaults:5 | Reached skill level 21 in Invocations
 72711 | Vaults:5 | Identified the cursed +1 plate armour of Elust {MR+} (You
                  | found it on level 5 of the Vaults)
 72755 | Vaults:5 | Received a gift from Okawaru
 72896 | Vaults:5 | Identified the amulet "Eproe" {+Rage Str+6 Slay+2} (You
                  | found it on level 5 of the Vaults)
 73035 | Vaults:5 | Identified the +1 chain mail of the Vaults {*Drain rElec
                  | Int+5}
 73221 | Vaults:5 | Received a gift from Okawaru
 73250 | Vaults:5 | Got a silver rune of Zot
 73357 | Vaults:5 | Identified the +7 chain mail of the Original Sin {Str+5
                  | Int-4} (You found it on level 5 of the Vaults)
 73432 | Vaults:5 | Identified the Almanac of Blows and Bruises and
                  | Intoxication
 73557 | Vaults:5 | Reached skill level 1 in Translocations
 73557 | Vaults:5 | Reached skill level 22 in Invocations
 73568 | Vaults:5 | Reached skill level 24 in Dodging
 74246 | Temple   | Fell from the grace of Okawaru
 74246 | Temple   | Became a worshipper of the Shining One
 74574 | Crypt:1  | Entered Level 1 of the Crypt
 74708 | Crypt:1  | Reached * piety under the Shining One
 74748 | Crypt:1  | Reached ** piety under the Shining One
 74751 | Crypt:1  | Reached skill level 2 in Translocations
 74934 | Crypt:1  | Reached *** piety under the Shining One
 75686 | Crypt:1  | Reached **** piety under the Shining One
 75884 | Crypt:1  | Identified Sif Muna's Tome of Venom and Evil
 76032 | Crypt:1  | Reached ***** piety under the Shining One
 76728 | Crypt:2  | Reached skill level 3 in Translocations
 76931 | Crypt:3  | Entered Level 3 of the Crypt
 76935 | Crypt:3  | Reached ****** piety under the Shining One
 77176 | Crypt:3  | Found a staircase to the Tomb.
 77402 | Crypt:3  | Reached skill level 4 in Translocations
 78263 | Crypt:3  | Reached skill level 23 in Invocations
 78388 | Crypt:3  | Identified the ring of Enooz {rN+ Int+4 Dex+2} (You found
                  | it on level 3 of the Crypt)
 78392 | Crypt:3  | Got a coiled marble ring
 78392 | Crypt:3  | Got a slimy bone ring
 78396 | Crypt:3  | Identified the ring "Panebroli" {rElec rN+} (You found it
                  | on level 3 of the Crypt)
 78399 | Crypt:3  | Identified the ring "Nesihupn" {*Contam rElec rN+ MR+ Str+7
                  | Slay-5} (You found it on level 3 of the Crypt)
 78850 | Depths:2 | Bought 2 potions of mutation for 256 gold pieces
 78850 | Depths:2 | Lost mutation: You can translocate small distances at will.
                  | [potion of mutation]
 78850 | Depths:2 | Lost mutation: You are resistant to hostile enchantments.
                  | (MR+) [potion of mutation]
 78850 | Depths:2 | Lost mutation: Your body sometimes deteriorates upon taking
                  | damage. [potion of mutation]
 78850 | Depths:2 | Gained mutation: You are very weak. (Str -4) [potion of
                  | mutation]
 78850 | Depths:2 | Gained mutation: You have a somewhat thin skeletal
                  | structure. (Dex +2, Stealth) [potion of mutation]
 78851 | Depths:2 | Lost mutation: You are very weak. (Str -4) [potion of
                  | mutation]
 78851 | Depths:2 | Lost mutation: You have a somewhat thin skeletal structure.
                  | (Dex +2, Stealth) [potion of mutation]
 78851 | Depths:2 | Lost mutation: You are weak. (Str -2) [potion of mutation]
 78851 | Depths:2 | Gained mutation: You are somewhat resistant to further
                  | mutation. [potion of mutation]
 78897 | Hell     | Entered the Vestibule of Hell
 78897 | Hell     | Noticed Geryon
 79010 | Hell     | Killed Geryon
 79010 | Hell     | Reached skill level 5 in Translocations
 79279 | Hell     | Found a gateway to the decaying netherworld of Tartarus.
 79586 | Hell     | Found a gateway to the ashen valley of Gehenna.
 79653 | Hell     | Found a gateway to the freezing wastes of Cocytus.
 80188 | Hell     | Found a gateway to the Iron City of Dis.
 80460 | D:14     | Bought a pair of glowing gloves for 195 gold pieces
 80470 | D:14     | Bought a pair of glowing gloves for 195 gold pieces
 80642 | Orc:2    | Bought a manual of Translocations for 1214 gold pieces
 80708 | Orc:2    | Bought a box of beasts for 220 gold pieces
 80708 | Orc:2    | Bought a sack of spiders for 220 gold pieces
 81016 | Depths:4 | Bought a sack of spiders for 200 gold pieces
 81016 | Depths:4 | Bought a phantom mirror for 300 gold pieces
 81061 | Depths:2 | Bought a phantom mirror for 330 gold pieces
 81061 | Depths:2 | Bought a wand of acid (6) for 220 gold pieces
 81061 | Depths:2 | Bought a phantom mirror for 330 gold pieces
 81061 | Depths:2 | Bought a box of beasts for 220 gold pieces
 81129 | Depths:4 | Bought a box of beasts for 320 gold pieces
 81339 | Vaults:3 | Bought a box of beasts for 400 gold pieces
 81339 | Vaults:3 | Bought a phantom mirror for 600 gold pieces
 81339 | Vaults:3 | Bought a box of beasts for 400 gold pieces
 81339 | Vaults:3 | Bought a wand of iceblast (3) for 140 gold pieces
 81560 | Depths:4 | Bought a wand of iceblast (8) for 228 gold pieces
 81560 | Depths:4 | Bought a wand of acid (10) for 532 gold pieces
 81560 | Depths:4 | Bought a wand of iceblast (10) for 266 gold pieces
 81599 | Depths:5 | Bought a book of Debilitation for 720 gold pieces
 81603 | Depths:5 | Learned a level 3 spell: Portal Projectile
 82149 | Lair:1   | Identified a +4 triple crossbow of holy wrath (a +2 triple
                  | crossbow of flaming blessed by the Shining One)
 82149 | Lair:1   | Received a gift from the Shining One
 82513 | Pan      | Entered Pandemonium
 82536 | Pan      | Reached skill level 6 in Translocations
 82767 | Pan      | Reached skill level 1 in Long Blades
 82810 | Pan      | Reached skill level 1 in Hexes
 82928 | Pan      | Reached skill level 2 in Long Blades
 83066 | Pan      | Reached skill level 7 in Translocations
 83096 | Pan      | Reached skill level 2 in Hexes
 83181 | Pan      | Noticed Fyutruna the pandemonium lord
 83189 | Pan      | Killed Fyutruna the pandemonium lord
 83189 | Pan      | Reached skill level 3 in Long Blades
 83233 | Pan      | Got a demonic rune of Zot
 83246 | Pan      | Identified Fonedid's Incunabulum of the Creative Mountains
 83345 | Pan      | Noticed Leunuo the pandemonium lord
 83473 | Pan      | Reached skill level 3 in Hexes
 83478 | Pan      | Reached skill level 8 in Translocations
 83642 | Pan      | Killed Leunuo the pandemonium lord
 83642 | Pan      | Reached skill level 4 in Long Blades
 83642 | Pan      | Reached skill level 25 in Dodging
 83824 | Pan      | Entered the realm of Gloorx Vloq.
 84004 | Pan      | Reached skill level 4 in Hexes
 84011 | Pan      | Reached skill level 9 in Translocations
 84162 | Pan      | Reached skill level 5 in Long Blades
 84898 | Pan      | Reached skill level 10 in Translocations
 84902 | Pan      | Reached skill level 5 in Hexes
 84906 | Pan      | Reached skill level 6 in Long Blades
 84946 | Pan      | Noticed Gloorx Vloq
 84953 | Pan      | Killed Gloorx Vloq
 85026 | Pan      | Got a dark rune of Zot
 85531 | Pan      | Reached skill level 7 in Long Blades
 85531 | Pan      | Reached skill level 11 in Translocations
 85619 | Pan      | Gained mutation: Scrolls take you a little longer to read.
                  | [a neqoxec]
 85687 | Pan      | Noticed Xiosee Nihie the pandemonium lord
 85698 | Pan      | Killed Xiosee Nihie the pandemonium lord
 85698 | Pan      | Reached skill level 6 in Hexes
 85698 | Pan      | Reached skill level 24 in Invocations
 85757 | Pan      | Found an exit through the horrors of the Abyss.
 85941 | Pan      | Entered the realm of Mnoleg.
 85971 | Pan      | Noticed Mnoleg
 85976 | Pan      | Reached skill level 8 in Long Blades
 85985 | Pan      | Reached skill level 12 in Translocations
 85987 | Pan      | Killed Mnoleg
 85987 | Pan      | Reached skill level 7 in Hexes
 85987 | Pan      | Reached skill level 16 in Evocations
 86151 | Pan      | Got a glowing rune of Zot
 86185 | Pan      | Reached skill level 9 in Long Blades
 86225 | Pan      | Gained mutation: You tend to lose your temper in combat. [a
                  | neqoxec]
 86357 | Pan      | Noticed Gikkag the pandemonium lord
 86366 | Pan      | Was forgiven by Okawaru
 86367 | Pan      | Killed Gikkag the pandemonium lord
 86488 | Pan      | Reached skill level 10 in Long Blades
 86600 | Pan      | Entered the realm of Lom Lobon.
 86935 | Pan      | Reached skill level 8 in Hexes
 87122 | Pan      | Noticed Lom Lobon
 87129 | Pan      | Killed Lom Lobon
 87160 | Pan      | Got a magical rune of Zot
 87256 | Pan      | Entered the realm of Cerebov.
 87536 | Pan      | Reached skill level 13 in Translocations
 87715 | Pan      | Got a twitching pewter ring
 87718 | Pan      | Identified the ring "Goun" {rF+ rC+ rN+} (You found it in
                  | Pandemonium)
 87820 | Pan      | Reached skill level 11 in Long Blades
 87838 | Pan      | Identified the +8 chain mail of Biohaf {+Inv rF+ Stlth+}
                  | (You found it in Pandemonium)
 88114 | Pan      | Identified the +6 sword of Cerebov {flame}
 88114 | Pan      | Noticed Cerebov
 88145 | Pan      | Killed Cerebov
 88145 | Pan      | Reached skill level 9 in Hexes
 88217 | Pan      | Got a fiery rune of Zot
 88360 | Pan      | Found an exit through the horrors of the Abyss.
 88369 | Pan      | Took an exit into the Abyss.
 88369 | Abyss:1  | Escaped into the Abyss
 88372 | Abyss:1  | Found a corrupted altar of Lugonu.
 88382 | Abyss:1  | Found a corrupted altar of Lugonu.
 88437 | Abyss:1  | Reached skill level 17 in Evocations
 88808 | Abyss:2  | Reached skill level 12 in Long Blades
 88954 | Abyss:2  | Paralysed by a great orb of eyes for 5 turns
 89254 | Abyss:3  | Found a corrupted altar of Lugonu.
 89296 | Abyss:3  | Paralysed by accursed screaming for 1 turns
 89524 | Abyss:3  | Identified the +8 chain mail of the Tortoise {rF++ Int+6
                  | Dex-5} (You found it on level 3 of the Abyss)
 89531 | Abyss:3  | Identified the +1 spear "Limew" {drain, rPois rC+ rN+ MR-}
                  | (You found it on level 3 of the Abyss)
 89597 | Abyss:4  | Got an abyssal rune of Zot
 89719 | Abyss:4  | Reached skill level 10 in Hexes
 89789 | Depths:3 | Escaped the Abyss
 90005 | Lair:1   | Lost mutation: You are somewhat resistant to further
                  | mutation. [potion of mutation]
 90005 | Lair:1   | Gained mutation: You are frail. (-10% HP) [potion of
                  | mutation]
 90005 | Lair:1   | Lost mutation: You have an uncontrollable temper. [potion
                  | of mutation]
 90005 | Lair:1   | Gained mutation: Your mind is acute. (Int +2) [potion of
                  | mutation]
 90006 | Lair:1   | Lost mutation: Scrolls take you a little longer to read.
                  | [potion of mutation]
 90006 | Lair:1   | Lost mutation: You are frail. (-10% HP) [potion of
                  | mutation]
 90006 | Lair:1   | Lost mutation: Your mind is acute. (Int +2) [potion of
                  | mutation]
 90006 | Lair:1   | Gained mutation: Armour fits poorly on your strangely
                  | shaped body. [potion of mutation]
 90006 | Lair:1   | Lost mutation: Armour fits poorly on your strangely shaped
                  | body. [potion of mutation]
 90006 | Lair:1   | Gained mutation: You have a somewhat thin skeletal
                  | structure. (Dex +2, Stealth) [potion of mutation]
 90006 | Lair:1   | Gained mutation: You are resistant to electric shocks.
                  | (rElec) [potion of mutation]
 90080 | D:13     | Fell from the grace of the Shining One
 90080 | D:13     | Became a worshipper of Zin the Law-Giver
 90080 | D:13     | Reached * piety under Zin
 90080 | D:13     | Reached ** piety under Zin
 90080 | D:13     | Reached *** piety under Zin
 90080 | D:13     | Reached **** piety under Zin
 90080 | D:13     | Reached ***** piety under Zin
 90394 | Tomb:1   | Entered Level 1 of the Tomb of the Ancients
 90467 | Tomb:1   | Reached skill level 25 in Invocations
 91614 | Tomb:1   | Reached skill level 13 in Long Blades
 91697 | Tomb:1   | Noticed Boris
 91699 | Tomb:1   | Killed Boris
 92032 | Tomb:1   | Noticed a greater mummy
 92043 | Tomb:1   | Killed a greater mummy
 92043 | Tomb:1   | Reached ****** piety under Zin
 92060 | Tomb:1   | Reached skill level 1 in Summonings
 92350 | Tomb:2   | Noticed a greater mummy
 92391 | Tomb:2   | Killed a greater mummy
 92391 | Tomb:2   | Reached skill level 2 in Summonings
 92394 | Tomb:2   | Noticed a greater mummy
 92400 | Tomb:2   | Killed a greater mummy
 92574 | Tomb:2   | Noticed an ancient lich
 92585 | Tomb:2   | Killed an ancient lich
 92593 | Tomb:2   | Noticed a greater mummy
 92607 | Tomb:2   | Killed a greater mummy
 92723 | Tomb:2   | Noticed a greater mummy
 92728 | Tomb:2   | Killed a greater mummy
 92728 | Tomb:2   | Reached skill level 14 in Long Blades
 92728 | Tomb:2   | Reached skill level 3 in Summonings
 93123 | Tomb:1   | Noticed a greater mummy
 93123 | Tomb:1   | Noticed a greater mummy
 93123 | Tomb:1   | Noticed a greater mummy
 93127 | Tomb:1   | Killed a greater mummy
 93131 | Tomb:1   | Noticed a greater mummy
 93132 | Tomb:1   | Noticed a greater mummy
 93133 | Tomb:1   | Noticed a greater mummy
 93133 | Tomb:1   | Noticed a greater mummy
 93266 | Tomb:1   | Killed a greater mummy
 93274 | Tomb:1   | Killed a greater mummy
 93274 | Tomb:1   | Reached skill level 18 in Evocations
 93407 | Tomb:1   | Noticed a greater mummy
 93412 | Tomb:1   | Killed a greater mummy
 93415 | Tomb:1   | Noticed a greater mummy
 93424 | Tomb:1   | Killed a greater mummy
 93452 | Tomb:1   | Noticed a greater mummy
 93453 | Tomb:1   | Noticed a greater mummy
 93458 | Tomb:1   | Killed a greater mummy
 93458 | Tomb:1   | Reached skill level 4 in Summonings
 93460 | Tomb:1   | Killed a greater mummy
 93506 | Tomb:1   | Killed a greater mummy
 93521 | Tomb:1   | Noticed a greater mummy
 93529 | Tomb:1   | Killed a greater mummy
 93564 | Tomb:1   | Killed a greater mummy
 93705 | Tomb:1   | Killed a greater mummy
 93705 | Tomb:1   | Reached skill level 26 in Invocations
 93723 | Tomb:1   | Killed a greater mummy
 93813 | Tomb:2   | Reached skill level 15 in Long Blades
 95159 | Tomb:3   | Entered Level 3 of the Tomb of the Ancients
 95175 | Tomb:3   | Reached skill level 5 in Summonings
 95182 | Tomb:3   | Noticed a greater mummy
 95190 | Tomb:3   | Noticed a greater mummy
 95374 | Tomb:3   | Noticed a greater mummy
 95381 | Tomb:3   | Paralysed by the power of Zot for 3 turns
 95384 | Tomb:3   | Noticed a greater mummy
 95385 | Tomb:3   | Killed a greater mummy
 95394 | Tomb:3   | Noticed a greater mummy
 95404 | Tomb:2   | Killed a greater mummy
 95590 | Tomb:3   | Noticed a greater mummy
 95597 | Tomb:3   | HP: 12/274 [??? (5)]
 95597 | Tomb:3   | HP: 2/274 [guardian mummy (10)]
 95599 | Tomb:3   | Noticed a greater mummy
 95599 | Tomb:3   | Noticed a greater mummy
 95600 | Tomb:3   | Killed from afar by a greater mummy

Levels and vault maps discovered:
D:1:      minmay_arrival_arboretum_small, layout_loops_corners
D:2:      layout_loops_ring, grunt_temple_overflow_open, minmay_rat_gold_closets
D:3:      layout_basic, kennysheep_slug_shrine, serial_co_window_serial,
          co_window_corner_a, co_window_paths_a, co_window_of_opportunity_a,
          co_window_paths_b, co_window_paths_a, co_window_of_opportunity_a,
          co_window_paths_b, co_window_2corner, co_window_broadway_b,
          co_window_of_opportunity_b, co_window_broadway_a, glass_columns_b,
          glass_columns_a, glass_columns_a, glass_columns_b, glass_columns_a
D:4:      layout_cave_pods, first_ration, hangedman_abyss_or_decor_stagger,
          fedhas_altar_1
D:5:      layout_cave_pools, minmay_temple_entry_large_hall, uniq_pikel
D:6:      layout_layer_cave, zin_treasury, gammafunk_ghost_stat_death
D:7:      layout_loops_cross, grunt_ogre_cave, serial_bayou_crossing
D:8:      layout_basic, basic_altar, enter_ossuary_4
D:9:      layout_roguey, nicolae_overflow_crystal_walls
D:10:     layout_cave_pools, erik_orc_1
D:11:     layout_long_grid, erik_lair_island, gammafunk_ghost_cemetery,
          minmay_misc_feat_tiny, hangedman_decor_slide_cut, laboratory
D:12:     layout_rooms, minmay_the_grid_square_5x5_3x3_mashed
          [minmay_the_grid_square_5x5_inner_i,
          minmay_the_grid_square_5x5_misaligned,
          minmay_the_grid_square_5x5_seven,
          minmay_the_grid_square_5x5_checkered,
          minmay_the_grid_square_5x5_megaprize_crossed,
          minmay_the_grid_square_5x5_lines,
          minmay_the_grid_square_5x5_eight_small,
          minmay_the_grid_square_5x5_inset,
          minmay_the_grid_square_5x5_minivault]
D:13:     layout_irregular_city, enter_bailey_3, portal_ice_cave_rime,
          gammafunk_ghost_arena, basic_altar, hangedman_feature_mirror,
          uniq_rupert, uniq_snorg, uniq_maurice, uniq_nessos, uniq_erolcha
D:14:     layout_basic, skrybe_vaults_entry_preservation,
          nicolae_ashenzari_panopticon, serial_shops, nicolae_shop_crystal
D:15:     gammafunk_enter_depths_forms, layout_cave_pools, minmay_misc_feat_iff,
          uniq_jorgrun
Temple:   cyrus_circular_temple
Lair:1:   beast_lair_carwin_large_2, layout_long_grid, st_stairs_7,
          cheibrodos_lair_lostbears
Lair:2:   layout_regular_city, dummy_spider_entry
Lair:3:   layout_gridlike, st_stairs_13, lemuel_fruit_fields
Lair:4:   layout_roguey, minmay_shoals_entry_centaurs,
          grunt_forest_stairs_clearing, lemuel_fruit_fields,
          minmay_lair_oklob_chamber
Lair:5:   layout_roguey [special_room_bee]
Lair:6:   evilmike_catoblepas_cave, layout_hall_layers, slime_dummy,
          infiniplex_staircase_pool
Shoals:1: layout_shoals
Shoals:2: layout_shoals, nicolae_island_escapes, uniq_ilsuiw
Shoals:3: layout_shoals, uniq_kirke, uniq_bai_suzhen, uniq_polyphemus
Shoals:4: shoals_end_grunt_ice, layout_shoals
Spider:1: layout_spider_delve
Spider:2: layout_chambers, uniq_arachne
Spider:3: layout_spider_delve
Spider:4: johnstein_spider_rune_arachne_lair, uniq_asterion
Slime:1:  layout_caves
Slime:2:  layout_caves
Slime:3:  layout_caves
Slime:4:  layout_caves, dissolution_awaits
Slime:5
Orc:1:    layout_caves
Orc:2:    grunt_orc_gardens, layout_caves, grunt_orc_garden, grunt_orc_garden,
          grunt_orc_garden, grunt_orc_garden, uniq_azrael
Elf:1:    layout_geoelf_octagon, ploomutoo_gammafunk_ghost_potion_laboratory,
          serial_shops, shop, minmay_elf_annihilation, guppyfry_library_mini,
          uniq_nikola
Elf:2:    layout_gridlike
Elf:3:    minmay_elf_hall_circle, layout_loops_cross, nicolae_elf_w_pinch,
          nicolae_elf_stone_circles, door_vault, uniq_mara
Vaults:1: v_alt_pattern_4, v_misc_17, ontoclasm_vaults_shuriken,
          nicolae_vaults_back_hallway, vaults_room_large_hall,
          nicolae_vaults_little_squares_6, ontoclasm_vaults_loading_screen,
          grunt_vaults_hallway_long, layout_vaults_maze_snakey, uniq_aizul
Vaults:2: v_misc_8, nicolae_vaults_theta, vaults_mumra_minichess,
          nicolae_vaults_three_branches, v_misc_30,
          nicolae_vaults_little_squares_6, nicolae_vaults_rhombus_7,
          ontoclasm_vaults_loading_screen, layout_vaults_omnigrid
Vaults:3: st_smaller_cells, minmay_crypt_entry_simple_sparse, v_alt_pattern_5,
          ontoclasm_vaults_ligature, hangedman_vaults_trim,
          grunt_vaults_trifunnel, v_misc_19, ontoclasm_vaults_misaligned,
          ontoclasm_vaults_twist, grunt_vaults_funnel,
          vaults_room_grunt_arrival_ludios, layout_vaults_omnicross,
          serial_shops, shop
Vaults:4: v_alt_pattern_2, hangedman_vaults_capsules,
          vaults_room_stairs_pillars, hangedman_vaults_corner_blocks,
          nicolae_vaults_little_squares_5, vaults_dpeg_ring, v_misc_14,
          st_lattice, nicolae_vaults_little_squares_6, hangedman_vaults_locks,
          layout_vaults_ring, mu_enter_wizlab_5, uniq_boris
Vaults:5: uniq_frederick
Crypt:1:  layout_basic, nicolae_crypt_cryptocurrency, grunt_megastairs_1,
          grunt_crypt_arrival_split
Crypt:2:  layout_gridlike
Crypt:3:  due_elkab, layout_chaotic_city, tomb_entry_forgotten_bobbens
Tomb:1
Tomb:2
Tomb:3
Depths:1: layout_cave_pools, minmay_misc_feat_tower, hell_entry, abyss_entry,
          st_stairs_8, chequers_serial_rivers_micro_e, skrybe_limestone_x,
          nrook_pool_corridor, minmay_alternating_orb
Depths:2: minmay_angry_zag, layout_twisted_cross, hellmouth_1, abyss_entry,
          minmay_misc_feat_four_crosses, serial_shops, shop,
          grunt_ministairs_10, nicolae_transmutations_shop,
          kilobyte_rumbling_trees, infiniplex_staircase_spiral_double,
          minmay_shop_grove
Depths:3: lemuel_castle_with_subvaults [lemuel_castle_interior_carwin_2],
          layout_cave_shapes, minmay_misc_feat_rows, rand_demon_pan_entry_5,
          serial_shops, shop_statue, grunt_hell_entry_dis_grunt, uniq_mennas,
          uniq_jory
Depths:4: hangedman_box_tower, layout_long_grid, minmay_room_of_horrors,
          serial_sigils_hangedman_etch, serial_shops, nicolae_shop_behind_doors,
          shop, shop_fountains, hell_entry
Depths:5: hangedman_spin_cycle, hell_entry
Hell
Zot:1:    layout_cathedral_of_symmetry, grunt_ministairs_3
Zot:2:    lemuel_firehouse, layout_cathedral_of_symmetry, grunt_ministairs_14,
          st_stairs_13, st_single_dragon_hoard_1
Zot:3:    hangedman_orp_of_zott, layout_misc_corridors,
          hangedman_zot_decor_slant
Zot:4:    layout_misc_corridors, st_stairs_3
Zot:5:    layout_gridlike

Skill      XL: |  1  2  3  4  5  6  7  8  9 10 11 12 13 14 15 16 17 18 19 20 21 22 23 24 25 26 27 |
---------------+----------------------------------------------------------------------------------+-----
Crossbows      | 5 6 7 8 9 10 13 15 16 17 18 19 20 21 22 23 24 25 26 | 26.0
Armour         | 4 6 7 8 10 12 13 14 15 16 17 18 19 20 21 22 25 | 25.0
Invocations    | 3 5 6 7 8 10 11 12 13 14 15 26 | 26.4
Fighting       | 4 7 12 14 15 16 17 18 19 20 21 22 23 25 | 25.0
Dodging        | 4 6 7 8 10 11 12 13 14 15 16 17 18 19 20 25 | 25.0
Evocations     | 2 5 6 8 9 10 11 12 14 18 | 18.5
Translocations | 13 | 13.0
Long Blades    | 15 | 15.5
Hexes          | 10 | 10.0
Summonings     | 5 |  5.9
Stealth        | |  0.7

Action                   |  1- 3 |  4- 6 |  7- 9 | 10-12 | 13-15 | 16-18 | 19-21 | 22-24 | 25-27 || total
-------------------------+-------+-------+-------+-------+-------+-------+-------+-------+-------++-------
Melee: Short sword       |    52 |       |       |       |       |       |       |       |       ||    52
       Dagger            |    25 |    51 |   222 |   479 |    78 |       |       |       |       ||   855
       Headbutt          |    11 |     7 |    46 |   108 |   157 |    73 |   153 |       |   175 ||   730
       Spear             |    25 |    22 |       |       |       |       |       |       |       ||    47
       Flail             |    15 |       |       |       |       |       |       |       |       ||    15
       Quarterstaff      |       |       |    73 |   130 |       |    42 |       |       |       ||   245
       Punch             |       |       |       |     1 |     9 |     1 |     5 |       |     1 ||    17
       Mace              |       |       |       |       |   211 |       |       |       |       ||   211
       Demon trident     |       |       |       |       |   422 |   128 |   833 |     1 |    89 ||  1473
       Demon whip        |       |       |       |       |       |    89 |    13 |       |       ||   102
       Triple crossbow   |       |       |       |       |       |     2 |       |       |       ||     2
       Great sword       |       |       |       |       |       |       |       |       |   246 ||   246
       Katana            |       |       |       |       |       |       |       |       |    73 ||    73
 Fire: Hand crossbow     |     5 |    40 |   110 |   104 |       |       |       |       |       ||   259
       Arbalest          |       |       |       |    37 |   248 |       |       |       |       ||   285
       Triple crossbow   |       |       |       |       |   379 |   845 |   821 |  1205 |  4798 ||  8048
Throw: Throwing net      |       |       |       |     3 |       |       |       |       |       ||     3
 Cast: Apportation       |       |       |       |       |       |     6 |     1 |       |    20 ||    27
       Blink             |       |       |       |       |       |       |       |       |    13 ||    13
       Portal Projectile |       |       |       |       |       |       |       |       |     8 ||     8
Invok: Heroism           |       |       |       |    15 |    35 |    28 |    28 |    10 |    31 ||   147
       Finesse           |       |       |       |     1 |     2 |     2 |     2 |     1 |     7 ||    15
       Recite            |       |       |       |       |       |       |       |       |    17 ||    17
       Cleansing Flame   |       |       |       |       |       |       |       |       |     8 ||     8
       Vitalisation      |       |       |       |       |       |       |       |       |     5 ||     5
       Brand Weapon With |       |       |       |       |       |       |       |       |     1 ||     1
 Abil: Evoke Blink       |       |       |       |       |       |       |       |       |     5 ||     5
       Blink             |       |       |       |       |       |       |       |       |     1 ||     1
Evoke: Wand              |       |       |       |     1 |     8 |    13 |    27 |     1 |    11 ||    61
       Lamp of fire      |       |       |       |       |       |     3 |     3 |     1 |     2 ||     9
       Fan of gales      |       |       |       |       |       |       |     2 |       |     2 ||     4
  Use: Scroll            |     7 |     3 |     6 |     9 |    15 |     4 |    18 |     4 |    72 ||   138
       Potion            |       |       |       |     7 |     2 |     5 |     8 |     1 |    28 ||    51
 Stab: Held in net/web   |       |       |       |     2 |       |       |     1 |       |       ||     3
       Paralysed         |       |       |       |       |     7 |       |     3 |       |       ||    10
       Sleeping          |       |       |       |       |     2 |       |     2 |       |       ||     4
       Distracted        |       |       |       |       |     2 |       |       |       |       ||     2
       Invisible         |       |       |       |       |     1 |       |       |       |       ||     1
  Eat: Chunk             |     3 |     5 |    11 |    25 |    44 |    19 |    34 |    18 |    20 ||   179
       Ration            |       |       |     2 |     1 |     1 |     4 |     2 |       |    31 ||    41
Armor: Leather armour    |    31 |       |       |       |       |       |       |       |       ||    31
       Ring mail         |     9 |     4 |       |       |       |       |       |       |       ||    13
       Chain mail        |       |    34 |   280 |   447 |       |       |       |       |       ||   761
       Scale mail        |       |       |       |    24 |   523 |   329 |   378 |   255 |   478 ||  1987
       Gold dragon scale |       |       |       |       |       |       |       |    45 |   860 ||   905
       Skin              |       |       |       |       |       |       |       |       |    13 ||    13
Dodge: Dodged            |    75 |    27 |   156 |   350 |  1117 |   723 |  1493 |   801 |  3385 ||  8127
       Deflected         |       |       |     4 |    27 |    42 |     9 |   108 |     3 |       ||   193
       Rpst.: Great sword |       |       |       |       |       |       |       |       |    51 ||    51
       Katana            |       |       |       |       |       |       |       |       |     8 ||     8

Table legend:
 A = Non-vault XP
 B = Vault XP
 C = Vault XP percentage of total XP
 D = Non-vault monster count
 E = Vault monster count
 F = Vault count percentage of total count
                 A         B        C        D         E       F
            +---------+---------+-------+---------+---------+-------
      Total | 1361854 | 1580644 |  53.7 |    2279 |    1440 |  38.7
            +---------+---------+-------+---------+---------+-------
        D:1 |      30 |       0 |   0.0 |      20 |       0 |   0.0
        D:2 |      59 |       8 |  11.9 |      17 |       8 |  32.0
        D:3 |      34 |       4 |  10.5 |       7 |       1 |  12.5
        D:4 |     756 |       0 |   0.0 |      22 |       0 |   0.0
        D:5 |     797 |     641 |  44.6 |      20 |       1 |   4.8
        D:6 |    1070 |     497 |  31.7 |      23 |       3 |  11.5
        D:7 |     585 |     121 |  17.1 |      19 |       1 |   5.0
        D:8 |    1388 |       2 |   0.1 |      25 |       2 |   7.4
        D:9 |    1619 |       0 |   0.0 |      23 |       0 |   0.0
       D:10 |    3104 |     582 |  15.8 |      37 |      17 |  31.5
       D:11 |    4829 |    8612 |  64.1 |      36 |      26 |  41.9
       D:12 |    7667 |    5728 |  42.8 |      34 |      21 |  38.2
       D:13 |    4984 |   12622 |  71.7 |      26 |      22 |  45.8
       D:14 |    9837 |    3087 |  23.9 |      23 |       9 |  28.1
       D:15 |   18975 |    6391 |  25.2 |      37 |      12 |  24.5
     Lair:1 |    3451 |    2166 |  38.6 |      20 |      12 |  37.5
     Lair:2 |    2954 |       0 |   0.0 |      12 |       0 |   0.0
     Lair:3 |    3785 |      90 |   2.3 |      19 |       1 |   5.0
     Lair:4 |   11785 |    4601 |  28.1 |      35 |      18 |  34.0
     Lair:5 |    4107 |    4225 |  50.7 |      22 |      28 |  56.0
     Lair:6 |   16866 |    9322 |  35.6 |      39 |      20 |  33.9
   Shoals:1 |    8386 |       0 |   0.0 |      19 |       0 |   0.0
   Shoals:2 |    8090 |    3372 |  29.4 |      19 |       4 |  17.4
   Shoals:3 |   19187 |   13211 |  40.8 |      40 |       7 |  14.9
   Shoals:4 |   12555 |   21834 |  63.5 |      25 |      36 |  59.0
   Spider:1 |   20237 |       0 |   0.0 |      52 |       0 |   0.0
   Spider:2 |   19814 |    3875 |  16.4 |      57 |       1 |   1.7
   Spider:3 |    8863 |    2539 |  22.3 |      20 |       1 |   4.8
   Spider:4 |   17424 |   23638 |  57.6 |      45 |      43 |  48.9
    Slime:1 |    5333 |       0 |   0.0 |       9 |       0 |   0.0
    Slime:2 |   13765 |       0 |   0.0 |      15 |       0 |   0.0
    Slime:3 |    9434 |       0 |   0.0 |       8 |       0 |   0.0
    Slime:4 |   10561 |   13985 |  57.0 |      18 |       1 |   5.3
    Slime:5 |   14853 |   29356 |  66.4 |      12 |      14 |  53.8
      Orc:1 |    4105 |    1221 |  22.9 |      52 |       4 |   7.1
      Orc:2 |    2138 |   10280 |  82.8 |      25 |      30 |  54.5
      Elf:1 |    6634 |   34822 |  84.0 |       9 |      38 |  80.9
      Elf:2 |   10010 |    1772 |  15.0 |      18 |       2 |  10.0
      Elf:3 |   18393 |   68518 |  78.8 |      33 |      47 |  58.8
   Vaults:1 |   27917 |    1647 |   5.6 |      48 |       1 |   2.0
   Vaults:2 |   38632 |    8508 |  18.0 |      65 |      14 |  17.7
   Vaults:3 |   21213 |   29066 |  57.8 |      34 |      33 |  49.3
   Vaults:4 |   21986 |   30245 |  57.9 |      28 |      29 |  50.9
   Vaults:5 |   64466 |  108236 |  62.7 |      80 |      73 |  47.7
    Crypt:1 |   17969 |    8851 |  33.0 |      44 |       8 |  15.4
    Crypt:2 |   11512 |       0 |   0.0 |      20 |       0 |   0.0
    Crypt:3 |   30944 |   41402 |  57.2 |      43 |      62 |  59.0
     Tomb:1 |   14364 |  118237 |  89.2 |      37 |      51 |  58.0
     Tomb:2 |    6957 |   58932 |  89.4 |      23 |      59 |  72.0
     Tomb:3 |    9512 |   46903 |  83.1 |      22 |      49 |  69.0
   Depths:1 |   68167 |   14024 |  17.1 |      85 |      16 |  15.8
   Depths:2 |   41296 |   12346 |  23.0 |      56 |      17 |  23.3
   Depths:3 |   45777 |   53021 |  53.7 |      51 |      51 |  50.0
   Depths:4 |   51717 |  109623 |  67.9 |      50 |      80 |  61.5
   Depths:5 |       0 |  108404 | 100.0 |       0 |      93 | 100.0
       Hell |   25537 |   27991 |  52.3 |      36 |      46 |  56.1
      Zot:1 |   49711 |    2475 |   4.7 |      35 |       1 |   2.8
      Zot:2 |   76338 |   30464 |  28.5 |      51 |      36 |  41.4
      Zot:3 |   37448 |   39728 |  51.5 |      22 |      39 |  63.9
      Zot:4 |   77627 |    6111 |   7.3 |      48 |       3 |   5.9
      Zot:5 |   44998 |  169827 |  79.1 |      22 |      41 |  65.1
    Abyss:1 |    9955 |       0 |   0.0 |      25 |       0 |   0.0
    Abyss:2 |   18024 |       0 |   0.0 |      37 |       0 |   0.0
    Abyss:3 |   14903 |    4405 |  22.8 |      38 |       5 |  11.6
    Abyss:4 |   16751 |    5461 |  24.6 |      28 |       7 |  20.0
        Pan |  209669 |  253659 |  54.7 |     259 |     152 |  37.0
    Ossuary |       0 |     280 | 100.0 |       0 |      16 | 100.0
     Bailey |       0 |    2437 | 100.0 |       0 |      27 | 100.0
     WizLab |       0 |    1239 | 100.0 |       0 |       1 | 100.0
            +---------+---------+-------+---------+---------+-------
